Cogmind - Beta 15 @@@ ROGUE MODE // 2025.08.07 @ 02:16:51 Player: McSaucyNugget Result: Escaped! Performance ------------- Evolutions (9) 4500 Regions Visited (31) 6200 Robots Destroyed (665) 3325 Value Destroyed (35599) 35599 Prototype IDs (73) 1460 Alien Tech Used (7) 1400 Bonus (24623) 24623 TOTAL SCORE: 77107 Bonus ------- High Alert Combat Kills 6612 Follower Combat Kills 2944 Entered Garrisons 1000 Used RIF Installer 2500 Network Hubs Disabled 200 Built Enhanced Grunts 300 A7 Reached Mainframe 300 Met R17 at Cetus 500 Met R17 at Research 2000 Destroyed MAIN.C Guards 500 Met MAIN.C 5000 Destroyed MAIN.C Shell 5000 Win 3000 Friendly Fire -5233 Cogmind --------- Core Integrity 258/2100 Matter 160/300 Energy 594/630 System Corruption 5% Temperature Cool (20) Movement Treading (151) +NEM 1 Location To Epsilon Eridani Parts ------- > --- POWER (4) -------- Quantum Reactor Zero-point Reactor Zero-point Reactor > --- PROPULSION (6) --- Experimental Biometal Heavy Treads Advanced Heavy Siege Treads Advanced Heavy Siege Treads > --- UTILITY (11) ----- Experimental Cooling System Experimental Cooling System Huge Storage Unit Heavy Regenerative Plating Heavy Regenerative Plating AEGIS Remote Shield Microwarp Drive > --- WEAPON (4) ------- Enhanced Nova Cannon Enhanced Nova Cannon Omega Cannon > --- INVENTORY (27) --- Zero-point Reactor Improved Heavy Treads Advanced Heavy Siege Treads Experimental Cooling System Experimental Cooling System Experimental Energy Well (600) High-capacity Matter Pod (0) Matter Filter Energy Filter Precision Energy Filter Experimental Focal Shield AEGIS Remote Shield Advanced Point Defense System Long-range Tractor Beam Subatomic Replicator Enhanced Nova Cannon Potential Cannon Graviton Cannon Z-bomb Delivery System Peak State ------------ > --- POWER ------------ Quantum Reactor Zero-point Reactor Zero-point Reactor Zero-point Reactor > --- PROPULSION ------- Experimental Biometal Heavy Treads Advanced Heavy Siege Treads Advanced Heavy Siege Treads > --- UTILITY ---------- Experimental Cooling System Experimental Cooling System Huge Storage Unit Experimental Core Analyzer Heavy Regenerative Plating AEGIS Remote Shield Experimental System Purifier Microwarp Drive > --- WEAPON ----------- Enhanced Nova Cannon Enhanced Nova Cannon Omega Cannon > --- INVENTORY -------- Quantum Reactor Zero-point Reactor Improved Heavy Treads Advanced Heavy Siege Treads Experimental Cooling System Experimental Cooling System Experimental Energy Well High-capacity Matter Pod Matter Filter Energy Filter Precision Energy Filter Heavy Regenerative Plating Experimental Focal Shield AEGIS Remote Shield Advanced Point Defense System Long-range Tractor Beam Subatomic Replicator Heavy Quantum Rifle Enhanced Nova Cannon Potential Cannon Graviton Cannon Z-bomb Delivery System [Rating: 266] Favorites ----------- Power Quantum Reactor Engine Heavy Ion Engine Power Core Light Nuclear Core Reactor Quantum Reactor Propulsion Light Treads Treads Light Treads Leg Improved VSS Leg Wheel Wheel Hover Unit Backup Propulsion III Utility Huge Storage Unit Device Experimental Cooling System Storage Huge Storage Unit Processor Core Analyzer Hackware Hacking Suite Protection Medium Regenerative Plating Artifact Microwarp Drive Weapon Hypervelocity Gauss Rifle Energy Gun Pulse Rifle Energy Cannon Enhanced Nova Cannon Ballistic Gun Hypervelocity Gauss Rifle Ballistic Cannon Enhanced Hardcell Cannon Launcher Mini Grenade Launcher Special Weapon Remote Datajack Impact Weapon Core Stripper Piercing Weapon Force Lance Build | -11 -10 -10 -9 -9 -9 -8 -8 -8 -8 -8 -7 -7 -7 -7 -7 -7 -6 -6 -6 -6 -6 -6 -5 -4 -3 -3 -2 -2 -2 -1 -1 ------- Run | Yrd Mat Min Mat Min Exi Min Mat Gar Mat Gar Fac Was Fac Gar Fac Gar Fac Ext Cet Arc Hub Gar Fac Fac Res Tes Res Qua Sec Acc Com Slots Evolved 18 | . . . 2 . . . 2 . . . 2 . . . . . 2 . . . . . 2 2 2 . 2 . . 2 . Power 3 | . . . . . . . . . . . . . . . . . . . . . . . . 1 . . 1 . . 1 . Propulsion 4 | . . . 1 . . . . . . . 1 . . . . . . . . . . . 1 . 1 . . . . . . Utility 9 | . . . . . . . 2 . . . 1 . . . . . 1 . . . . . 1 1 1 . 1 . . 1 . Weapon 2 | . . . 1 . . . . . . . . . . . . . 1 . . . . . . . . . . . . . . Parts Attached 433 | 7 13 3 14 . . 3 22 11 3 11 13 5 1 5 32 9 14 28 11 1 5 3 51 2 20 31 21 20 21 14 39 Power 48 | 1 2 2 1 . . . 1 1 2 . 1 1 . 1 2 2 . 3 2 . . . 3 2 . 2 2 4 3 2 8 Engine 10 | 1 2 1 1 . . . . . . . . . . . 2 2 . 1 . . . . . . . . . . . . . Core 13 | . . 1 . . . . 1 1 2 . 1 . . 1 . . . 2 . . . . 3 1 . . . . . . . Reactor 25 | . . . . . . . . . . . . 1 . . . . . . 2 . . . . 1 . 2 2 4 3 2 8 Propulsion 97 | 3 4 . 5 . . 2 9 2 1 4 2 1 . . 10 3 4 15 2 . . . 8 . 3 4 4 4 1 1 5 Treads 80 | 2 . . 3 . . 2 9 2 1 4 2 1 . . 10 1 . 11 2 . . . 8 . 3 4 4 4 1 1 5 Leg 2 | . . . 1 . . . . . . . . . . . . . 1 . . . . . . . . . . . . . . Wheel 15 | 1 4 . 1 . . . . . . . . . . . . 2 3 4 . . . . . . . . . . . . . Hover . | . . . . . . . . . . . . . . . . . . . . . . . . . . . . . . . . Flight . | . . . . . . . . . . . . . . . . . . . . . . . . . . . . . . . . Utility 165 | 1 4 . 1 . . 1 5 5 . 5 7 2 1 1 11 1 4 6 5 1 2 3 26 . 13 8 10 6 12 8 16 Device 80 | . 1 . . . . . 3 3 . 1 2 1 1 1 3 . 1 3 2 1 1 2 11 . 4 6 6 4 9 5 9 Storage 13 | 1 2 . . . . . . 1 . 1 . . . . . . . . . . . . 4 . . 1 . . 1 . 2 Processor 22 | . . . . . . . . . . 1 1 . . . 2 . 2 . . . . . 4 . 6 1 1 1 1 1 1 Hackware 15 | . . . . . . . . . . 1 . 1 . . 3 1 1 1 . . . 1 4 . 1 . 1 . . . . Protection 34 | . 1 . 1 . . 1 2 1 . 1 4 . . . 3 . . 2 3 . 1 . 3 . 2 . 2 1 . 2 4 Artifact 1 | . . . . . . . . . . . . . . . . . . . . . . . . . . . . . 1 . . Weapon 123 | 2 3 1 7 . . . 7 3 . 2 3 1 . 3 9 3 6 4 2 . 3 . 14 . 4 17 5 6 5 3 10 Energy Gun 21 | . 1 . . . . . 1 1 . . 1 . . . . 1 . 1 . . . . . . 1 3 2 2 . 2 5 Energy Cannon 22 | . . . 1 . . . 1 . . . . . . . 2 . 1 . . . . . 4 . . 4 1 1 2 1 4 Ballistic Gun 48 | 2 . . 3 . . . 5 1 . 2 1 . . 2 5 2 3 2 2 . 3 . 7 . 3 2 1 . 2 . . Ballistic Cannon 15 | . 1 1 1 . . . . . . . . . . . 1 . 1 . . . . . 2 . . 3 1 2 1 . 1 Launcher 6 | . . . . . . . . 1 . . . . . . 1 . 1 . . . . . 1 . . 2 . . . . . Special Weapon 6 | . 1 . . . . . . . . . 1 1 . . . . . 1 . . . . . . . 2 . . . . . Impact Weapon 3 | . . . 2 . . . . . . . . . . . . . . . . . . . . . . . . 1 . . . Slashing Weapon . | . . . . . . . . . . . . . . . . . . . . . . . . . . . . . . . . Piercing Weapon 2 | . . . . . . . . . . . . . . 1 . . . . . . . . . . . 1 . . . . . Special Melee Weapon . | . . . . . . . . . . . . . . . . . . . . . . . . . . . . . . . . Unidentified Prototypes 62 | . . . 2 . . . 2 . . . . . . . . . 2 . 3 . 1 . 4 . 3 19 1 7 8 . 10 Corrupted Parts 7 | . . 1 . . . . . . . . . . . . . . . . . . . . . . . . . . 2 . 4 System Corruption 49 | . . 1 . . . . . . . . . . . . . . . . . . . . . . . . . . 16 . 32 Parts Lost 105 | . 6 3 7 1 . 3 . 3 . 3 3 1 . . 14 10 . 4 . . 3 . 13 2 2 2 4 2 11 3 5 Power 17 | . 2 1 1 . . . . . . . . . . . 1 2 . . . . . . 1 1 . . . 1 2 2 3 Propulsion 29 | . 1 1 4 . . 3 . 1 . 1 2 . . . 5 6 . 2 . . . . 2 . 1 . . . . . . Utility 32 | . 1 . . . . . . 2 . 1 . 1 . . 4 1 . 1 . . 1 . 6 1 . 1 3 1 6 . 2 Weapon 27 | . 2 1 2 1 . . . . . 1 1 . . . 4 1 . 1 . . 2 . 4 . 1 1 1 . 3 1 . Highest Loss Streak 11 | . 2 2 2 1 . 3 . 1 . 1 3 1 . . 11 4 . 2 . . 2 . 6 2 1 1 2 1 2 2 1 To Critical Strikes 2 | . . . . . . . . . . . . . . . 1 . . . . . . . . . . . . . . . 1 Average Backups 20 | 2 10 15 19 24 25 24 24 23 24 24 24 22 22 21 20 20 18 21 20 19 20 19 12 16 22 22 19 18 19 20 20 Power 1 | . . . 1 2 2 2 2 2 1 2 2 2 2 2 2 . . 1 1 2 2 2 1 . 1 1 1 1 1 . 1 Propulsion 3 | 1 4 7 4 5 5 4 6 5 6 5 5 3 3 3 3 1 . 4 2 2 2 3 2 3 6 6 3 3 2 4 2 Utility 7 | . 2 5 5 9 9 9 7 7 9 8 9 10 9 8 7 7 7 6 6 7 8 8 5 5 4 6 4 5 6 8 9 Weapon 6 | . 2 3 7 8 9 9 8 7 7 6 5 5 5 5 5 8 8 7 7 6 5 4 2 5 7 6 8 8 6 7 6 Tool/Special . | . . . . . . . . . . . . . . . . . . . . . . . . . . . . . . . . Unused Backups 112 | . 1 . 3 2 . . 17 1 2 . 2 . 2 1 7 2 1 6 7 1 . . 16 . 5 6 6 3 1 10 10 Power 17 | . . . . . . . . . 2 . . . . . 1 . . 3 1 . . . 3 . 1 3 . 1 . 1 1 Propulsion 24 | . . . . 1 . . 5 . . . . . . . . . . 2 3 . . . 3 . . . 4 1 1 4 . Utility 33 | . 1 . 2 . . . 6 1 . . 1 . 2 . 1 1 . 1 2 . . . 6 . . 2 . . . 2 5 Weapon 35 | . . . 1 1 . . 6 . . . 1 . . 1 5 1 1 . 1 1 . . 4 . 4 . 2 . . 3 3 Tool/Special 3 | . . . . . . . . . . . . . . . . . . . . . . . . . . 1 . 1 . . 1 Average Slot Usage (%) 89 | . 85 72 93 99 100 99 99 99 99 96 96 95 91 91 93 88 91 99 90 86 80 84 81 92 92 93 85 80 70 75 76 Engine 2 | . 11 12 11 11 11 11 1 . . . . . . . 3 6 6 3 . . . . . . . . . . . . . Core 2 | . . 1 . . . . 7 9 9 9 7 3 . . 2 . . 2 . . . . 3 6 4 . . . . . . Reactor 4 | . . . . . . . . . . . . 3 7 6 . . . . 5 6 6 6 1 3 4 8 13 12 8 13 15 Treads 19 | . 5 . 27 33 33 32 27 26 27 27 27 27 23 23 25 20 6 17 17 13 13 13 20 21 22 21 14 12 13 12 12 Wheel 1 | . 22 15 4 . . . . . . . . . . . . 1 6 8 . . . . . . . . . . . . . Device 11 | . 1 . 6 . . . 17 18 18 11 12 5 8 13 14 11 10 11 13 13 10 18 9 8 14 10 14 9 8 13 19 Storage 6 | . 14 14 11 11 11 11 9 9 9 9 7 7 7 7 7 7 6 6 6 6 6 6 3 5 4 4 4 4 4 4 4 Processor 6 | . . . . . . . . . . 5 7 7 7 7 7 7 6 13 13 13 10 . 5 5 5 9 10 11 9 4 4 Hackware 2 | . . . . . . . . . . . . 6 7 1 2 3 13 1 . . . 5 4 5 4 8 2 4 4 4 1 Protection 6 | . 2 . 2 11 11 11 9 8 9 8 9 7 5 7 4 5 . 5 6 6 6 7 7 14 9 7 6 7 5 4 5 Energy Gun 2 | . 2 . . . . . 7 3 . . 6 6 7 7 . 1 6 4 . . . . . . . 5 3 4 . 2 1 Energy Cannon 3 | . . . 9 11 11 11 3 5 8 4 2 . . . 2 . . . . . . . 6 5 2 . 1 2 4 5 8 Ballistic Gun 14 | . 17 14 18 21 22 22 14 16 18 19 12 13 15 13 17 18 17 19 25 26 24 25 9 15 15 10 9 3 . 2 . Ballistic Cannon 1 | . 5 12 1 . . . . . . . . . . . . . . . . . . . 4 . . 1 1 4 6 5 2 Peak Build Rating 266 | 6 8 9 22 20 20 21 34 37 38 38 43 55 55 62 67 55 58 67 115 113 125 126 128 114 134 168 190 228 240 239 266 Average Rating 93 | 4 6 7 15 19 20 20 30 35 37 34 38 44 54 56 55 47 48 60 98 112 113 119 96 111 127 136 174 194 212 225 231 On Entrance 74 | . 6 7 6 19 20 20 21 34 37 38 34 41 55 55 54 51 36 56 67 113 113 102 121 99 107 120 158 187 225 181 211 Naked Turns 1 | . . . . . . . . . . . . . . . . . . . . . . . 1 . . . . . . . . Heaviest Build 258 | 13 89 89 100 97 97 97 112 113 114 118 112 112 112 118 120 108 119 135 141 141 169 147 154 171 169 179 224 229 233 231 258 Greatest Support 255 | 40 40 26 60 60 60 63 63 63 62 64 84 114 114 114 126 104 20 96 160 160 160 160 180 164 192 194 220 255 255 240 245 Greatest Overweight (x) 34 | . 8 5 5 1 1 2 1 2 1 1 1 1 . 1 1 34 13 12 1 . 1 . 1 1 . 1 1 1 1 . 1 Average Overweight (x) . | . 1 4 1 1 1 1 1 1 1 1 1 . . . . 2 6 3 . . . . . . . . . . . . . Largest Inventory Capacity 27 | 8 25 25 25 25 25 25 25 25 25 25 25 25 25 25 25 25 25 25 25 25 25 25 25 25 25 25 25 25 27 27 27 Average Capacity 24 | 6 22 25 25 25 25 25 25 25 25 25 25 25 25 25 25 25 25 25 25 25 25 25 15 25 25 25 25 25 26 27 27 Most Carried 27 | 4 17 17 25 25 25 25 25 25 25 25 25 25 25 25 25 25 25 25 25 25 25 25 25 25 25 25 25 25 27 27 27 Average Carried 22 | 2 10 15 19 24 25 24 24 23 24 24 24 23 24 24 23 22 21 24 24 24 24 21 13 18 23 24 24 24 25 25 25 Final Capacity 27 | 8 25 25 25 25 25 25 25 25 25 25 25 25 25 25 25 25 25 25 25 25 25 25 25 25 25 25 25 25 27 27 27 Final Carried 27 | 4 17 15 25 25 25 25 25 25 25 25 23 25 25 25 25 21 25 25 25 25 25 25 15 25 25 25 25 25 26 27 22 Class Distribution -------------------- 32% | Scavenger-Tank 21% | Tank 11% | Scavenger-Gunner 9% | Mutant 5% | Commander-Tank 5% | Generator-Tank 4% | Commander-Gunner 3% | Gunner Dominant Class ---------------- Mutant | -10/Materials Mutant | -10/Mines Scavenger-Gunner | -9/Materials Tank | -9/Mines Tank | -9/Exiles Tank | -8/Mines Tank | -8/Materials Scavenger-Tank | -8/Garrison Scavenger-Tank | -8/Materials Scavenger-Gunner | -8/Garrison Scavenger-Tank | -7/Factory Scavenger-Gunner | -7/Waste Tank | -7/Factory Tank | -7/Garrison Tank | -7/Factory Scavenger-Gunner | -7/Garrison Scavenger-Gunner | -6/Factory Commander-Gunner | -6/Extension Commander-Tank | -6/Cetus Commander-Tank | -6/Archives Scavenger-Gunner | -6/Hub_04(d) Scavenger-Tank | -6/Garrison Scavenger-Tank | -5/Factory Scavenger-Tank | -4/Factory Scavenger-Tank | -3/Research Scavenger-Tank | -3/Testing Scavenger-Tank | -2/Research Scavenger-Tank | -2/Quarantine Tank | -2/Section 7 Generator-Tank | -1/Access Generator-Tank | -1/Command Resources | -11 -10 -10 -9 -9 -9 -8 -8 -8 -8 -8 -7 -7 -7 -7 -7 -7 -6 -6 -6 -6 -6 -6 -5 -4 -3 -3 -2 -2 -2 -1 -1 ----------- Run | Yrd Mat Min Mat Min Exi Min Mat Gar Mat Gar Fac Was Fac Gar Fac Gar Fac Ext Cet Arc Hub Gar Fac Fac Res Tes Res Qua Sec Acc Com Matter Collected 27399 | 190 727 146 583 66 . 36 605 601 115 605 399 345 . 290 1497 722 224 1822 694 164 794 805 2298 116 475 2283 2458 1536 2852 647 3304 Remotely 8841 | . . . . . . . . 41 . 338 . . . . 283 148 120 . 200 . 281 201 419 . . 472 1581 571 1483 126 2577 Salvage Created 35355 | . 623 155 1140 200 . 14 1050 1019 404 652 571 91 . 236 1799 637 274 2539 562 392 1181 880 2634 14 625 2703 4961 3206 3438 981 2374 Parts 1704 | . 32 4 70 21 . 1 64 66 29 31 28 7 . 6 109 41 13 125 40 20 70 36 120 3 21 140 227 137 131 37 75 Haulers Intercepted 14 | . 2 . 1 . . . 3 . 1 . 1 . . . 1 . 1 . . . . . 1 . 3 . . . . . . Recyclers Shooed 28 | . . 1 4 . . . . . . . 2 . 2 . 1 . . 3 . . . . 4 . 1 . 2 3 3 . 2 Parts Field Recycled . | . . . . . . . . . . . . . . . . . . . . . . . . . . . . . . . . Retrieved Matter . | . . . . . . . . . . . . . . . . . . . . . . . . . . . . . . . . Parts Self-Destructed . | . . . . . . . . . . . . . . . . . . . . . . . . . . . . . . . . Prevented . | . . . . . . . . . . . . . . . . . . . . . . . . . . . . . . . . Kills | -11 -10 -10 -9 -9 -9 -8 -8 -8 -8 -8 -7 -7 -7 -7 -7 -7 -6 -6 -6 -6 -6 -6 -5 -4 -3 -3 -2 -2 -2 -1 -1 ------- Run | Yrd Mat Min Mat Min Exi Min Mat Gar Mat Gar Fac Was Fac Gar Fac Gar Fac Ext Cet Arc Hub Gar Fac Fac Res Tes Res Qua Sec Acc Com Combat Hostiles Destroyed 526 | . 15 4 29 10 . 1 17 31 4 14 9 . . 5 35 23 2 28 4 3 17 18 39 . 5 37 57 35 48 7 29 Melee 1 | . . . . . . . . . . . . . . . . . . . . . . . 1 . . . . . . . . Guns 293 | . 13 2 12 3 . 1 13 20 2 8 6 . . 3 17 15 2 28 4 3 17 18 24 . 4 32 28 14 1 2 1 Cannons 133 | . 2 2 16 7 . . 4 4 2 4 . . . . 6 . . . . . . . 12 . 1 1 8 12 35 2 15 AOE 54 | . . . . . . . . 7 . 2 3 . . 2 12 8 . . . . . . . . . 2 8 3 . . 7 Classes Destroyed 26 | . 4 . 7 1 . . 1 1 . 2 . . . . 2 . . . . . . . . . . 1 2 2 1 . 2 Worker 32 | . 1 . 3 . . . 1 . 1 . 1 . . . 5 . 1 4 . . 1 . 2 1 1 2 4 1 1 . 2 Builder 29 | . . . 1 . . . . . 1 . . . . . 4 . 2 3 . . . . 4 . . 3 8 2 . 1 . Tunneler 4 | . . . 1 . . . . . . . . . . . 1 . . 1 . . . . . . . . 1 . . . . Hauler 14 | . 2 . 1 . . . 3 . 1 . 1 . . . 1 . 1 . . . . . 1 . 3 . . . . . . Recycler 24 | . . . 2 . . . . . . . 2 . . . 1 . . 3 . . . . 4 . . . 2 2 2 3 3 Mechanic 2 | . . . . . . . . . . . . . . . . . . . . . . . . . . 1 . . 1 . . Operator 10 | . . . 1 . . . 1 . . . . . . . . . . 1 . 2 1 . 2 . . 1 1 . . . . Drone 2 | . . . . . . . . . . . . . . . . . . . . . . . . . . . . . . . 2 Watcher 15 | . . . 1 . . . 2 . 3 . 1 . . . . . . 1 1 . . . 1 . . 1 1 1 1 . 1 Swarmer 104 | . 5 . 16 7 . 1 3 11 . . 4 . . . 4 16 . . . . . 6 8 . 3 2 9 4 5 . . Cutter 2 | . . . . . . . . 2 . . . . . . . . . . . . . . . . . . . . . . . Saboteur 1 | . . . . . . . . . . . . . . . . . . . . . . . . . . . . 1 . . . Grunt 167 | . 10 4 6 2 . . 4 11 2 7 . . . 3 9 5 . 11 . . 5 10 11 . 2 12 27 11 15 . . Brawler 11 | . . . . . . . . . . 1 . . . . 1 . . . . . 2 . 3 . . . 1 1 2 . . Duelist 14 | . . . 1 . . . 1 3 . . . . . . 2 . . 1 . . 2 . . . . . 2 2 . . . Protector 6 | . . . . . . . . . . . . . . . . . . . . . . . . . . . 2 2 2 . . Researcher 1 | . . . . . . . . . . . . . . . . . . . . . . . . . . 1 . . . . . Sentry 68 | . . . 6 . . . 8 2 2 2 1 . . 1 4 1 1 12 . 3 3 1 3 . . 3 4 . 5 4 2 Demolisher 1 | . . . . 1 . . . . . . . . . . . . . . . . . . . . . . . . . . . Specialist 10 | . . . . . . . . . . . . . . . 3 . . . . . 2 . . . . 3 . 2 . . . Hunter 21 | . . . . . . . 1 2 . 1 2 . . . 5 . . . . . 1 . 4 . . . . 3 . . 2 Programmer 92 | . . . . . . . . . . 3 2 . . 1 7 2 1 1 . . 1 1 10 . . 16 11 8 16 3 9 Behemoth 1 | . . . . . . . . . . . . . . . . . . . . . . . . . . . 1 . . . . Cetus Guard 4 | . . . . . . . . . . . . . . . . . . . 4 . . . . . . . . . . . . S7 Guard 1 | . . . . . . . . . . . . . . . . . . . . . . . . . . . . . 1 . . M Guard 2 | . . . . . . . . . . . . . . . . . . . . . . . . . . . . . . . 2 Enhanced Q-Series 9 | . . . . . . . . . . . . . . . . . . . . . . . . . . . . . . . 9 Lightning 1 | . . . . . . . . . . . . . . . . . . . . . 1 . . . . . . . . . . Combat Programmer 2 | . . . . . . . . . . . . . . . . . . . . . . . . . . . . . . . 2 Executioner 2 | . . . . . . . . . . . . . . . . . . . . . . . . . . . . . 2 . . Fortress 1 | . . . . . . . . . . . . . . . . . . . . . . . . . . . . 1 . . . Protovariant P 1 | . . . . . . . . . . . . . . . . . . . . . . . . . . 1 . . . . . Surgeon 1 | . . . . . . . . . . . . . . . 1 . . . . . . . . . . . . . . . . Thug 2 | . . . . . . . . . . . . . . . 1 . . 1 . . . . . . . . . . . . . Savage 1 | . . . . . . . . . . . . . . . . . . . 1 . . . . . . . . . . . . Butcher 2 | . . . . . . . . . . . . . . . . . . 2 . . . . . . . . . . . . . Martyr 2 | . . . . . . . . . . . . 2 . . . . . . . . . . . . . . . . . . . Guerrilla 3 | . . . . . . . . . . . . . . . . . . . 1 1 1 . . . . . . . . . . Best Kill Streak 23 | . 5 2 11 5 . 1 5 4 6 8 4 . . 2 16 5 2 4 3 3 4 5 4 1 3 5 23 14 6 3 7 Combat Bots Only 15 | . 4 2 10 5 . 1 5 4 2 8 4 . . 2 6 5 1 4 2 3 4 5 4 . 3 4 15 13 6 2 6 Max Kills in Single Turn 5 | . 1 1 2 1 . 1 1 4 2 1 3 1 . 2 5 2 1 2 2 2 2 1 3 1 2 3 5 2 2 1 2 Gunslinging 1 | . . . . . . . . . . . . . . . . 1 . . . . 1 . 1 . . 1 1 . . . . Exploded 4 | . . . . . . . . 4 . 1 3 . . 2 4 2 . . . . . . . . . 2 3 2 . . 2 Melee 1 | . . . . . . . . . . . . . . . . . . . . . . . 1 . . . . . . . . Uniques/NPCs Destroyed 2 | . . . . . . . . . . . . . . . . . . . 1 . . . . . . . . . . . 1 A7 (-6/Cetus) MAIN.C Shell (-1/Command) Combat | -11 -10 -10 -9 -9 -9 -8 -8 -8 -8 -8 -7 -7 -7 -7 -7 -7 -6 -6 -6 -6 -6 -6 -5 -4 -3 -3 -2 -2 -2 -1 -1 -------- Run | Yrd Mat Min Mat Min Exi Min Mat Gar Mat Gar Fac Was Fac Gar Fac Gar Fac Ext Cet Arc Hub Gar Fac Fac Res Tes Res Qua Sec Acc Com Hostile Shots Fired 4292 | . 122 37 138 38 . 12 84 85 18 92 97 . . 64 407 100 48 235 5 1 273 72 283 42 35 229 370 418 421 166 400 Missed 1231 | . 47 16 33 9 . 4 17 17 6 23 32 . . 22 121 24 15 92 1 . 62 28 80 11 15 56 99 130 99 57 115 Intercepted 13 | . . . . . . . . . . . . . . . . . . . . . . . . . . . . . . . 13 Hits 3061 | . 75 21 105 29 . 8 67 68 12 69 65 . . 42 286 76 33 143 4 1 211 44 203 31 20 173 271 288 322 109 285 Melee 37 | . . . 2 . . . . 5 3 . . . . . 1 . . . . . 4 . 10 . . 1 2 6 3 . . Projectile 3024 | . 75 21 103 29 . 8 67 63 9 69 65 . . 42 285 76 33 143 4 1 207 44 193 31 20 172 269 282 319 109 285 AOE 19 | . . . . 1 . . . 1 . . . . . . . . . . . . . . 5 . . . . . . . 12 Critical Strikes 144 | . 1 2 2 1 . . 2 2 1 2 1 . . 1 7 1 . 1 . . 15 2 18 2 . 11 15 12 23 6 16 Part Disruptions 16 | . . . . . . . . . . . . . . . . . . . . . 1 . . . . 1 4 1 3 . 6 Damage Taken 45294 | . 875 281 1093 288 . 80 696 658 180 971 843 103 . 375 3548 1009 286 1127 49 12 2442 471 4804 713 568 1971 2595 3859 6389 1937 7071 Core 5676 | . 165 75 145 33 . 7 55 44 24 107 82 . . 12 252 95 24 133 . . 181 9 756 67 40 103 191 132 1102 403 1439 Absorbed by Shields 8763 | . . . . . . . 211 257 67 100 24 . . 57 64 . . 489 53 12 83 216 121 . . 268 2352 664 931 301 2493 Reduced by Siege Mode 594 | . . . . . . . . . . . . . . . 49 . . . . . . . 15 . . . 158 168 15 . 189 Redirected to Shielding 107 | . . . . . . . . . . . . . . . . . . . . . . . . . . . . . . . 107 Ignored by Resistances 9643 | . . . . . . . . . . . . . . . . . . . . . 1618 12 360 . . 1767 1765 999 1688 738 696 Regen/Repaired (Parts) 6056 | . . . . . . . . . . . . 63 . 128 205 . 270 . 119 69 167 102 1330 1 . 390 390 535 343 1256 688 Core Remaining (%) 50 | 100 . 4 . . . 53 . . . 58 . . . . . 37 . . . . . 59 24 94 . 89 . . 26 . 12 Volleys Fired 1840 | . 81 32 84 19 . 3 54 53 20 46 44 30 . 29 126 49 16 118 26 9 41 34 169 14 20 115 168 121 145 59 115 Largest 4 | . 2 2 3 3 . 3 3 3 3 3 3 3 . 3 3 3 4 4 4 4 4 4 4 1 4 4 4 4 4 4 4 Hottest 395 | . 100 50 108 108 . 108 143 118 118 118 156 114 . 114 159 133 174 179 136 136 140 140 287 98 197 268 255 271 326 333 395 Shots Fired 4432 | . 153 63 231 46 . 9 155 141 46 119 94 61 . 52 257 107 49 307 100 36 140 124 367 14 59 317 438 239 319 115 274 Gun 2841 | . 121 33 134 27 . 6 136 117 26 81 64 54 . 51 186 98 44 255 99 36 137 124 164 . 42 266 329 112 20 29 50 Cannon 1409 | . 25 30 97 19 . 3 19 21 20 35 27 . . . 42 . 1 . . . 3 . 198 14 15 48 91 118 294 86 203 Launcher 92 | . . . . . . . . 3 . 3 1 . . 1 20 7 . . . . . . . . 2 2 18 9 5 . 21 Special 90 | . 7 . . . . . . . . . 2 7 . . 9 2 4 52 1 . . . 5 . . 1 . . . . . Kinetic 2886 | . 136 63 174 27 . 6 99 87 26 81 40 39 . 39 192 95 34 205 99 36 137 124 235 . 42 212 274 110 176 38 60 Thermal 1236 | . 7 . 57 19 . 3 56 51 20 35 51 15 . 12 36 3 11 50 . . 3 . 118 14 15 101 146 97 94 65 157 Explosive 53 | . . . . . . . . 3 . 3 1 . . 1 18 7 . . . . . . . . . . 1 . . . 19 Electromagnetic 174 | . 10 . . . . . . . . . . . . . 2 . . . . . . . 9 . 2 3 17 32 49 12 38 Robot Hit Streak 33 | . 20 8 33 14 . 1 11 12 7 12 19 14 . 12 19 9 27 20 12 7 30 6 14 . 5 12 25 24 19 19 24 Robot Miss Streak 9 | . 3 3 4 2 . 3 3 4 2 3 2 2 . 2 4 3 3 3 3 1 6 4 9 . 2 5 4 4 3 2 5 Penetration Max 2 | . . . . . . . . . 1 1 . 1 . 1 1 1 . 2 1 . 1 . 1 . 1 1 1 2 . . 1 Secondary Targets 55 | . 1 . . . . . 2 4 . 1 1 . . . 1 3 . 5 2 . 9 5 4 . . 9 7 1 . . . Max Gunslinging Chain 2 | . 1 . . . . . 1 1 . 1 1 . . . 1 1 . 1 1 . 2 1 1 . . 1 2 1 . . . Capacitor 5 | . . . . . . . . . . . . . . . . . . . . . . . . . 5 . . . . . . Shots Hit Robots 2572 | . 98 35 139 27 . 3 99 70 26 69 56 49 . 23 144 47 30 214 73 26 85 67 200 . 28 178 240 118 215 45 168 Core Hits 1462 | . 33 11 62 16 . 1 35 47 14 25 25 11 1 16 101 37 13 128 31 14 49 25 126 1 19 121 199 98 104 14 85 Critical Kills 91 | . . . 2 . . . . 1 . . . . . . 1 . . 23 6 2 11 9 6 . 2 10 11 2 2 1 2 Critical Parts Destroyed 104 | . . 1 1 . . . 1 . . 1 . . . . 2 1 1 29 9 1 10 5 6 . 1 7 22 5 . . 1 Critical Strikes 244 | . . 1 3 . . . 2 1 . 1 1 1 . . 3 1 1 55 21 4 22 14 14 . 3 21 43 12 8 3 9 Burn 8 | . . . . . . . 1 . . . 1 1 . . . . . . . . . . . . . 2 3 . . . . Meltdown 7 | . . . 1 . . . . . . . . . . . . . . . . . . . 1 . . . . . 2 1 2 Destroy 207 | . . 1 2 . . . 1 1 . 1 . . . . 3 1 1 55 21 4 22 14 11 . 3 18 40 7 . . 1 Blast 21 | . . . . . . . . . . . . . . . . . . . . . . . 2 . . 1 . 5 6 2 5 Corrupt 1 | . . . . . . . . . . . . . . . . . . . . . . . . . . . . . . . 1 Melee Attacks 35 | . . . 3 . . . 11 . . . . . . 2 5 . . . . . . . . . . . . 1 13 . . Kinetic 14 | . . . . . . . . . . . . . . . . . . . . . . . . . . . . 1 13 . . Impact 14 | . . . 3 . . . 11 . . . . . . . . . . . . . . . . . . . . . . . . Slashing . | . . . . . . . . . . . . . . . . . . . . . . . . . . . . . . . . Piercing 7 | . . . . . . . . . . . . . . 2 5 . . . . . . . . . . . . . . . . Sneak Attacks 1 | . . . . . . . 1 . . . . . . . . . . . . . . . . . . . . . . . . Combat Hostiles . | . . . . . . . . . . . . . . . . . . . . . . . . . . . . . . . . Follow-up Attacks . | . . . . . . . . . . . . . . . . . . . . . . . . . . . . . . . . Damage Inflicted 86426 | . 1126 400 2066 459 . 39 1750 1612 630 1658 1248 840 20 553 4866 1631 490 2710 1184 435 1945 1877 5920 30 1013 6151 9901 5571 10355 1932 18014 Guns 36128 | . 896 187 858 110 . 18 1390 1010 335 895 770 840 . 465 2363 974 490 2700 1184 435 1865 1877 2565 . 599 5166 4410 2043 542 528 613 Cannons 29267 | . 224 213 1179 306 . 21 241 213 295 548 276 . . . 498 . . . . . 22 . 3320 . 196 156 1413 1926 8488 1323 8409 Explosions 19897 | . . . . . . . . 389 . 211 202 . . 88 2005 657 . . . . . . 21 . 186 749 4078 1602 717 . 8992 Melee 648 | . . . . . . . 103 . . . . . . . . . . . . . . . . . . . . . 545 . . Ramming 486 | . 6 . 29 43 . . 16 . . 4 . . 20 . . . . 10 . . 58 . 14 30 32 80 . . 63 81 . Kinetic 39249 | . 1020 400 1176 110 . 18 825 695 335 895 415 617 . 305 2363 928 252 1594 1184 435 1865 1877 3976 . 599 2529 3236 2016 5463 692 3429 Thermal 26470 | . . . 861 306 . 21 806 528 295 548 631 223 . 160 498 46 238 1106 . . 22 . 1728 . 196 3084 2899 1734 2803 841 6896 Explosive 11697 | . . . . . . . . 389 . 211 202 . . 88 1864 657 . . . . . . . . . . 1166 . . . 7120 Electromagnetic 8421 | . 100 . . . . . . . . . . . . . 141 . . . . . . . 202 . 186 458 2600 1821 2026 318 569 Impact 103 | . . . . . . . 103 . . . . . . . . . . . . . . . . . . . . . . . . Slashing . | . . . . . . . . . . . . . . . . . . . . . . . . . . . . . . . . Piercing . | . . . . . . . . . . . . . . . . . . . . . . . . . . . . . . . . Highest Corruption 40 | . 2 3 . . . . 3 3 3 6 1 1 1 . 4 6 . 2 2 2 1 1 10 . . 5 6 11 40 1 40 Average Corruption 5 | . 1 2 . . . . 2 3 3 4 1 1 1 . 3 5 . 1 2 1 1 1 6 . . 2 1 7 15 1 14 Corruption Purged 59 | . . . . . . . . . . . . . 1 . . . . . . 2 . . 4 . . . . . . . 52 Corruption Blocked 3 | . . . . . . . . . . . . . . . . . . . . . . . 3 . . . . . . . . Effects 495 | . 16 10 . . . . 17 31 8 18 3 3 . . 18 19 . 24 15 1 . 9 43 . . 19 17 64 96 3 61 Message Errors 112 | . 1 4 . . . . 4 3 . 4 . 2 . . 4 5 . 5 7 . . 4 10 . . 2 4 12 25 . 16 Matter Fused 100 | . 4 1 . . . . 1 6 3 3 . . . . 4 7 . 3 4 . . 2 9 . . 6 2 16 15 1 13 Heat Flow Errors 55 | . 6 . . . . . 1 5 2 1 . . . . 2 1 . 1 . . . . 5 . . 3 3 8 9 1 7 Energy Discharges 67 | . . 1 . . . . 3 6 3 6 . 1 . . . 3 . 2 1 . . 2 5 . . 3 3 9 11 1 7 Parts Rejected 5 | . . . . . . . . . . . . . . . . . . . . . . . 1 . . 1 . . 1 . 2 Parts Fused 7 | . . . . . . . 1 1 . . . . . . . . . 2 1 . . . 1 . . . 1 . . . . Data Loss (minor) 60 | . 3 1 . . . . 2 5 . 3 . . . . 4 . . 4 1 1 . 1 7 . . 1 1 9 14 . 3 Data Loss (major) 26 | . . 1 . . . . 3 1 . . . . . . 1 . . 4 . . . . 2 . . 1 . 2 7 . 4 Misfires 18 | . . 1 . . . . 1 3 . 1 1 . . . 1 2 . 2 . . . . . . . . . 2 2 . 2 Alerts 12 | . 1 . . . . . 1 . . . . . . . 1 . . 1 . . . . . . . . 1 2 4 . 1 Misdirections 3 | . . . . . . . . . . . . . . . . . . . . . . . . . . . . . 2 . 1 Weapon Failures 30 | . 1 1 . . . . . 1 . . 2 . . . 1 1 . . 1 . . . 3 . . 2 2 4 6 . 5 Overload Shots . | . . . . . . . . . . . . . . . . . . . . . . . . . . . . . . . . Overflow Damage 1834 | . . 5 . 4 . . 66 18 18 21 23 . . . . . . . . . . . 43 . 8 21 84 116 484 83 840 Projectiles 1118 | . . 5 . . . . . . 18 21 . . . . . . . . . . . . 43 . 8 . 8 78 484 81 372 Explosions 639 | . . . . . . . . 18 . . 23 . . . . . . . . . . . . . . 16 76 38 . . 468 Melee 77 | . . . . 4 . . 66 . . . . . . . . . . . . . . . . . . 5 . . . 2 . Knockbacks 111 | . 5 5 2 . . . 1 . . . . . . . . . . . . . . . 15 . . 2 5 12 39 3 22 Impact 4 | . . . 1 . . . 1 . . . . . . . . . . . . . . . . . . 1 . . . 1 . Kinetic 100 | . 5 5 1 . . . . . . . . . . . . . . . . . . . 14 . . 1 4 10 36 2 22 Secondary 7 | . . . . . . . . . . . . . . . . . . . . . . . 1 . . . 1 2 3 . . Self-Inflicted Damage 703 | . 3 . . . . . . 46 . 7 45 . . . 122 . . . . . . . 22 . . . 49 274 39 . 96 Shots 37 | . . . . . . . . 1 . 1 1 . . . 6 . . . . . . . 1 . . . 9 13 4 . 1 Rammed 32 | . 1 . 2 4 . . 1 . . 1 . . 2 . . . . 1 . . 4 . 2 1 2 4 . . 4 3 . Targets Rammed 35 | . 1 . 2 4 . . 2 . . 1 . . 2 . . . . 1 . . 4 . 3 1 2 5 . . 4 3 . Kicked . | . . . . . . . . . . . . . . . . . . . . . . . . . . . . . . . . Crushed 3 | . . . . . . . 1 . . . . . . . . . . . . . . . 1 . . 1 . . . . . Highest Temperature 719 | . 272 73 216 325 . 173 364 183 198 309 138 144 . 11 199 136 168 187 18 . 719 156 613 348 263 476 302 199 334 165 559 Average Temperature 89 | . 49 32 46 111 . 92 67 56 68 110 30 39 . 4 30 52 54 31 5 . 393 41 133 87 95 84 107 59 90 49 94 Received Heat Transfer 7445 | . 366 201 249 45 . 9 205 120 42 350 78 . . 152 418 150 78 268 . 4 631 201 676 424 75 207 743 537 600 118 498 Effects 75 | . . . . . . . 2 . . 1 . . . . . . . . . . 34 . 19 . 3 4 9 . . . 3 Shutdowns 13 | . . . . . . . . . . . . . . . . . . . . . 8 . 2 . . 1 . . . . 2 Energy Bleed 11 | . . . . . . . . . . 1 . . . . . . . . . . 5 . 2 . . . 3 . . . . Interference 30 | . . . . . . . 1 . . . . . . . . . . . . . 10 . 8 . 3 2 6 . . . . Matter Decay 6 | . . . . . . . . . . . . . . . . . . . . . 4 . 1 . . 1 . . . . . Short Circuit 3 | . . . . . . . . . . . . . . . . . . . . . . . 3 . . . . . . . . Damage (minor) 8 | . . . . . . . 1 . . . . . . . . . . . . . 6 . 1 . . . . . . . . Damage (major) 1 | . . . . . . . . . . . . . . . . . . . . . . . . . . . . . . . 1 Damage (core) 3 | . . . . . . . . . . . . . . . . . . . . . 1 . 2 . . . . . . . . Siege Activations 14 | . . . . . . . . . . . . . . . 1 . . . . . . . 2 . . . 2 4 2 . 3 Total Turns 435 | . . . . . . . . . . . . . . . 19 . . . . . . . 49 . . . 114 132 72 . 49 Longest Duration 74 | . . . . . . . . . . . . . . . 19 . . . . . . . 26 . . . 74 50 38 . 24 Martial Activations . | . . . . . . . . . . . . . . . . . . . . . . . . . . . . . . . . Shielding Activations . | . . . . . . . . . . . . . . . . . . . . . . . . . . . . . . . . Robots Disrupted 2 | . . . . . . . . . . . . . . . . . . . . . . . . . . . 1 1 . . . Combat Hostiles 2 | . . . . . . . . . . . . . . . . . . . . . . . . . . . 1 1 . . . Robots Corrupted 40 | . . . . . . . 1 . . . . . . . . . . . . . . . 1 . . 2 14 5 10 3 4 Combat Hostiles 38 | . . . . . . . . . . . . . . . . . . . . . . . 1 . . 2 13 5 10 3 4 Parts Fried 84 | . . . . . . . 2 . . . . . . . . . . . . . . . 1 . . 2 28 13 22 2 14 Impact Corruptions 7 | . . . . 1 . . 2 . . . . . . . . . . . . . . . . . . 1 . . 2 1 . Robots Melted 7 | . . . 1 . . . . . . . . . . . . . . . . . . . 1 . . . . . 2 1 2 Combat Hostiles 6 | . . . 1 . . . . . . . . . . . . . . . . . . . 1 . . . . . 2 . 2 Parts Melted 64 | . . . 3 . . . 4 . . . 1 . . 3 3 1 1 2 . . . . 5 . . 21 5 . 8 3 4 Heat Transferred 31777 | . . . 1554 555 . 37 1554 869 407 703 1184 555 . 333 650 100 525 2525 . . 50 . 2500 . 300 4586 4086 1618 2183 740 4163 Parts Sabotaged 4 | . . . . . . . . . . . . . . . . . . . . . . . . . . 1 . 3 . . . Parts Stolen . | . . . . . . . . . . . . . . . . . . . . . . . . . . . . . . . . Parts Stripped 18 | . . . . . . . . . . . . . . . . . . . . . . . . . . . . 18 . . . Power Chain Reactions 8 | . . . . . . . . . . . . . . . . . . . . . . . . . . 1 4 3 . . . Alert | -11 -10 -10 -9 -9 -9 -8 -8 -8 -8 -8 -7 -7 -7 -7 -7 -7 -6 -6 -6 -6 -6 -6 -5 -4 -3 -3 -2 -2 -2 -1 -1 ------- Run | Yrd Mat Min Mat Min Exi Min Mat Gar Mat Gar Fac Was Fac Gar Fac Gar Fac Ext Cet Arc Hub Gar Fac Fac Res Tes Res Qua Sec Acc Com Maximum Alert Level 4 | . . . 1 1 . . . 3 2 2 1 . . 3 2 3 2 3 3 2 4 4 2 1 . 3 4 4 3 2 2 Low Security (%) 42 | 100 100 100 26 87 . 100 100 18 . 16 76 100 100 12 55 . . 23 . 51 15 . 60 75 100 54 3 . . . 51 Level 1 22 | . . . 73 12 . . . 6 92 33 23 . . 1 13 12 60 38 1 35 5 . 27 24 . 29 47 . 10 81 19 Level 2 19 | . . . . . . . . 40 7 50 . . . 33 31 31 39 22 75 13 13 . 12 . . 14 10 . 69 18 29 Level 3 13 | . . . . . . . . 33 . . . . . 52 . 55 . 15 23 . 55 39 . . . 2 19 88 20 . . Level 4 2 | . . . . . . . . . . . . . . . . . . . . . 11 60 . . . . 19 11 . . . Level 5 . | . . . . . . . . . . . . . . . . . . . . . . . . . . . . . . . . High Security . | . . . . . . . . . . . . . . . . . . . . . . . . . . . . . . . . Max Security . | . . . . . . . . . . . . . . . . . . . . . . . . . . . . . . . . Peak Influence 1518 | . 106 45 311 248 . 77 162 952 464 533 284 41 . 871 516 953 494 841 826 470 1164 1320 693 260 76 714 1518 1312 847 494 487 Initial 849 | . . . . 103 . . . 2 464 140 279 41 . . 457 333 494 139 459 300 . 803 693 249 . 6 398 849 510 493 192 Average 337 | . 47 9 229 62 . 6 42 530 291 370 122 4 . 615 221 692 374 372 564 203 707 1097 209 71 13 230 644 902 539 342 276 Influence Increases 21190 | . 465 145 859 245 . 77 547 980 180 423 280 30 . 991 1295 710 85 1468 729 241 1660 517 1653 53 190 1612 1917 1099 1499 587 653 Destroy 0b10 Robot/C 11580 | . 300 80 580 200 . 60 340 620 80 280 180 . . 320 800 460 40 740 320 80 700 360 780 . 100 980 1100 660 920 140 360 Destroy 0b10 Robot/NC 705 | . 15 . 50 . . . 35 . 30 . 25 . . . 60 . 20 75 10 15 10 . 70 5 20 50 95 40 35 20 25 Destroy Leader 2038 | . 84 20 144 30 . 10 130 30 38 30 44 . . 20 222 40 22 72 20 . 160 30 164 . 26 134 182 92 162 50 82 Allied During Kill 1926 | . . . . . . 7 3 . . . . . . 259 36 . . 458 350 95 613 . . . . 105 . . . . . Successful Hack 481 | . 11 . 18 . . . 21 . 9 12 . . . 44 14 14 . 35 . . 14 32 94 28 15 26 30 28 10 26 . Select Force Hacks 60 | . 30 . 30 . . . . . . . . . . . . . . . . . . . . . . . . . . . . Disable Machine 1260 | . 15 30 . 15 . . . 15 15 15 15 . . . 75 . . 60 15 45 90 15 255 . 15 180 90 60 120 75 45 Anti-Garrison Action 700 | . . . . . . . . 250 . . . . . 300 . 100 . . . . . 50 . . . . . . . . . Destroy Structure 1825 | . 10 . 7 . . . 18 5 8 41 16 30 . 48 88 51 3 13 14 6 43 30 230 20 14 122 330 189 222 126 141 Partial Spotted 45 | . . . . . . . . . . . . . . . . . . . . . . . 45 . . . . . . . . Lose Combat Pursuer 570 | . . 15 30 . . . . 60 . 45 . . . . . 45 . 15 . . 30 . 15 . . 15 90 30 30 150 . Influence Decreases 20769 | . 465 145 592 512 . 77 543 32 916 106 694 149 . 120 1690 243 743 932 798 990 515 345 2463 563 179 915 1114 1703 1583 1110 532 Entered New Map 6076 | . . . . 164 . . . 2 488 76 254 78 . . 414 143 449 146 362 452 3 345 627 261 . 5 310 662 397 330 108 Time Decay 9499 | . 415 125 522 338 . 77 372 . 278 . 410 55 . . 551 . 294 636 416 498 242 . 714 152 169 580 614 571 626 440 404 Lost Part 924 | . 50 20 70 10 . . . 30 . 30 30 4 . . 140 100 . 40 . . 30 . 130 . 10 10 40 20 110 30 20 Lost Ally 803 | . . . . . . . 21 . . . . 12 . 120 210 . . 110 20 40 240 . . . . 20 . . . 10 . Purge Threat 3467 | . . . . . . . 150 . 150 . . . . . 375 . . . . . . . 992 150 . 300 150 450 450 300 . Squads Dispatched 111 | . 4 . 3 . . . 1 . 1 . 1 . . . 12 . 1 2 . . 13 . 11 3 4 11 14 9 11 7 3 Investigation 9 | . 2 . 1 . . . . . 1 . . . . . . . . . . . . . 1 . 1 . 1 . . 2 . Extermination 41 | . . . . . . . . . . . 1 . . . 6 . 1 . . . 1 . 5 1 . 5 5 3 6 4 3 Reinforcement 34 | . 2 . 2 . . . 1 . . . . . . . 3 . . 2 . . 5 . 5 . 3 3 3 3 1 1 . Assault 16 | . . . . . . . . . . . . . . . 2 . . . . . 2 . . 2 . 1 2 3 4 . . Garrison 11 | . . . . . . . . . . . . . . . 1 . . . . . 5 . . . . 2 3 . . . . Intercept . | . . . . . . . . . . . . . . . . . . . . . . . . . . . . . . . . Searches Triggered . | . . . . . . . . . . . . . . . . . . . . . . . . . . . . . . . . Construction Impeded 8 | . . . . . . . . . . . . . . . . . . 1 . . 1 . 1 . . . 2 2 1 . . Haulers Reinforced 4 | . . . . . . . . . . . . . . . . . . . . . . . 1 . 2 . 1 . . . . Active Scanning Responses . | . . . . . . . . . . . . . . . . . . . . . . . . . . . . . . . . Cargo Convoy Interrupts 1 | . . . . . . . . . . . . . . . 1 . . . . . . . . . . . . . . . . Stealth | -11 -10 -10 -9 -9 -9 -8 -8 -8 -8 -8 -7 -7 -7 -7 -7 -7 -6 -6 -6 -6 -6 -6 -5 -4 -3 -3 -2 -2 -2 -1 -1 --------- Run | Yrd Mat Min Mat Min Exi Min Mat Gar Mat Gar Fac Was Fac Gar Fac Gar Fac Ext Cet Arc Hub Gar Fac Fac Res Tes Res Qua Sec Acc Com Distress Signals 49 | . 4 . 6 . . . 2 . . . 1 . . . 3 . . 1 2 . . . 5 . 6 5 3 . 3 2 6 Communications Jammed 29 | . . . . . . . . . . . . . . . 12 . . . . . 1 . 6 . 1 . . . 2 . 7 Distress Signals 29 | . . . . . . . . . . . . . . . 12 . . . . . 1 . 6 . 1 . . . 2 . 7 Times Spotted 809 | . 31 5 46 9 . 3 30 32 12 13 13 6 . 16 64 25 2 29 9 6 34 18 54 1 17 54 65 41 68 36 70 Peak Tracking Total 15 | . 7 2 6 3 . 3 5 6 3 6 4 2 . 6 15 5 1 3 5 1 9 3 6 1 4 6 12 10 5 13 11 Tactical Retreats 27 | . 2 1 1 . . . . 3 . 2 . . . . . 2 . 1 . . 2 . 1 . . 1 4 1 2 4 . Traps | -11 -10 -10 -9 -9 -9 -8 -8 -8 -8 -8 -7 -7 -7 -7 -7 -7 -6 -6 -6 -6 -6 -6 -5 -4 -3 -3 -2 -2 -2 -1 -1 ------- Run | Yrd Mat Min Mat Min Exi Min Mat Gar Mat Gar Fac Was Fac Gar Fac Gar Fac Ext Cet Arc Hub Gar Fac Fac Res Tes Res Qua Sec Acc Com Traps Triggered 40 | . 2 . . . . . 2 9 . 4 1 . . 1 2 2 . 4 . . . 1 4 . 1 4 . 1 1 . 1 Indirectly 2 | . . . . . . . . . . . . . . . . . . . . . . . . . 1 . . . . . 1 Trap Hack Attempts . | . . . . . . . . . . . . . . . . . . . . . . . . . . . . . . . . Triggered . | . . . . . . . . . . . . . . . . . . . . . . . . . . . . . . . . Disarmed . | . . . . . . . . . . . . . . . . . . . . . . . . . . . . . . . . Reprogrammed . | . . . . . . . . . . . . . . . . . . . . . . . . . . . . . . . . Reused . | . . . . . . . . . . . . . . . . . . . . . . . . . . . . . . . . Traps Extracted . | . . . . . . . . . . . . . . . . . . . . . . . . . . . . . . . . Installed . | . . . . . . . . . . . . . . . . . . . . . . . . . . . . . . . . Triggered . | . . . . . . . . . . . . . . . . . . . . . . . . . . . . . . . . Machines | -11 -10 -10 -9 -9 -9 -8 -8 -8 -8 -8 -7 -7 -7 -7 -7 -7 -6 -6 -6 -6 -6 -6 -5 -4 -3 -3 -2 -2 -2 -1 -1 ---------- Run | Yrd Mat Min Mat Min Exi Min Mat Gar Mat Gar Fac Was Fac Gar Fac Gar Fac Ext Cet Arc Hub Gar Fac Fac Res Tes Res Qua Sec Acc Com Machines Disabled 94 | . 1 2 . 1 . . . 3 1 1 1 . . 2 5 2 . 6 1 3 6 2 17 . 1 12 6 4 9 5 3 Max in Single Turn 4 | . 1 1 . 1 . . . 1 1 1 1 . . 1 1 1 . 1 1 1 1 1 4 . 1 1 1 1 2 1 1 Garrison Access 7 | . . . . . . . . . . . . . . . 1 . . . . . 1 . 1 1 . 1 . 1 . 1 . Garrison Relay 6 | . . . . . . . . 2 . . . . . 2 . 1 . . . . . 1 . . . . . . . . . Network Hub 1 | . . . . . . . . . . . . . . . . . . . . . 1 . . . . . . . . . . Machines Repaired . | . . . . . . . . . . . . . . . . . . . . . . . . . . . . . . . . Machines Dismantled 4 | . . . . . . . . . . . . . . . . . . 2 1 . 1 . . . . . . . . . . Machines Sabotaged . | . . . . . . . . . . . . . . . . . . . . . . . . . . . . . . . . Overloaded Fab Kills . | . . . . . . . . . . . . . . . . . . . . . . . . . . . . . . . . Hacking | -11 -10 -10 -9 -9 -9 -8 -8 -8 -8 -8 -7 -7 -7 -7 -7 -7 -6 -6 -6 -6 -6 -6 -5 -4 -3 -3 -2 -2 -2 -1 -1 --------- Run | Yrd Mat Min Mat Min Exi Min Mat Gar Mat Gar Fac Was Fac Gar Fac Gar Fac Ext Cet Arc Hub Gar Fac Fac Res Tes Res Qua Sec Acc Com Machines Accessed 120 | . 6 . 6 . 1 . 7 3 4 1 2 . 1 3 5 2 1 9 . . 6 3 17 2 2 6 5 11 7 8 2 Terminals 84 | . 5 . 5 . . . 6 3 3 1 1 . . 3 4 2 . 8 . . 4 3 9 1 1 3 3 7 5 5 2 Fabricators 6 | . . . . . . . . . . . 1 . . . . . 1 . . . . . 2 . 1 . 1 . . . . Repair Stations 9 | . . . . . . . . . . . . . . . . . . . . . . . 3 1 . 1 . 1 1 2 . Recycling Units 5 | . 1 . 1 . . . . . . . . . . . . . . 1 . . . . 1 . . . 1 . . . . Scanalyzers 5 | . . . . . . . . . . . . . . . . . . . . . . . 1 . . 1 . 2 1 . . Garrison Access 10 | . . . . . . . 1 . 1 . . . 1 . 1 . . . . . 2 . 1 . . 1 . 1 . 1 . Total Hacks 326 | . 16 . 21 . 1 . 20 5 10 2 2 . 1 8 7 4 1 13 . . 8 7 60 11 7 21 21 31 25 21 3 Successful 141 | . 10 . 11 . 1 . 11 . 5 1 1 . 1 3 3 2 1 7 . . 3 3 20 6 5 13 6 12 8 7 1 Failed 185 | . 6 . 10 . . . 9 5 5 1 1 . . 5 4 2 . 6 . . 5 4 40 5 2 8 15 19 17 14 2 Catastrophic 49 | . . . . . . . 1 1 . . 1 . . 3 1 1 . 4 . . 4 . 12 . 1 2 2 6 5 4 1 Database Lockouts . | . . . . . . . . . . . . . . . . . . . . . . . . . . . . . . . . Manual 157 | . 14 . 18 . . . 18 . 4 . . . . . 3 . . 3 1 . 4 1 13 6 5 12 11 17 17 8 2 Terminals 252 | . 15 . 20 . . . 19 5 9 2 1 . . 8 6 4 . 12 . . 6 7 36 8 6 15 14 19 20 17 3 Fabricators 11 | . . . . . . . . . . . 1 . . . . . 1 . . . . . 7 . 1 . 1 . . . . Repair Stations 28 | . . . . . . . . . . . . . . . . . . . . . . . 12 3 . 3 . 4 3 3 . Recycling Units 10 | . 1 . 1 . . . . . . . . . . . . . . 1 . . . . 1 . . . 6 . . . . Scanalyzers 13 | . . . . . . . . . . . . . . . . . . . . . . . 3 . . 1 . 7 2 . . Garrison Access 11 | . . . . . . . 1 . 1 . . . 1 . 1 . . . . . 2 . 1 . . 2 . 1 . 1 . Terminal Hacks 70 | . 2 . 3 . 1 . 4 . 3 1 . . . 3 2 2 . 6 . . . 3 10 2 3 5 3 6 7 3 1 Record 3 | . . . . . 1 . . . . . . . . . . . . . . . . . . . . . . 2 . . . Part Schematic 1 | . . . . . . . . . . . . . . . . . . . . . . . 1 . . . . . . . . Prototype ID Bank 1 | . . . . . . . 1 . . . . . . . . . . . . . . . . . . . . . . . . Open Door 10 | . . . . . . . . . . . . . . . . . . 6 . . . . . . . . . . 2 1 1 Branch Access Points 3 | . . . 1 . . . . . . . . . . . . . . . . . . . . . 1 . 1 . . . . Emergency Access Points 3 | . . . . . . . . . . . . . . 1 . 1 . . . . . 1 . . . . . . . . . Terminal Index 2 | . . . . . . . . . . . . . . . . . . . . . . . 1 . . 1 . . . . . Alert Level 2 | . 1 . . . . . 1 . . . . . . . . . . . . . . . . . . . . . . . . Unreport Threat 19 | . . . . . . . 1 . 1 . . . . . . . . . . . . . 5 1 . 2 1 3 3 2 . Locate Traps 1 | . . . 1 . . . . . . . . . . . . . . . . . . . . . . . . . . . . Maintenance Status 2 | . . . . . . . . . . . . . . . . . . . . . . . . . 1 1 . . . . . Hauler Manifests 1 | . . . . . . . 1 . . . . . . . . . . . . . . . . . . . . . . . . Zone Layout 16 | . 1 . 1 . . . . . 2 . . . . . 2 . . . . . . . 3 1 1 1 1 1 2 . . Garrison Registry 4 | . . . . . . . . . . 1 . . . 1 . 1 . . . . . 1 . . . . . . . . . Patrol Navigation 1 | . . . . . . . . . . . . . . . . . . . . . . 1 . . . . . . . . . Security Stations 1 | . . . . . . . . . . . . . . 1 . . . . . . . . . . . . . . . . . Fabricator Hacks 6 | . . . . . . . . . . . 1 . . . . . 1 . . . . . 3 . . . 1 . . . . Network Status 3 | . . . . . . . . . . . 1 . . . . . 1 . . . . . . . . . 1 . . . . Load Schematic 2 | . . . . . . . . . . . . . . . . . . . . . . . 2 . . . . . . . . Build 1 | . . . . . . . . . . . . . . . . . . . . . . . 1 . . . . . . . . Repair Station Hacks 12 | . . . . . . . . . . . . . . . . . . . . . . . 5 1 . 2 . 3 1 . . Scan Component 8 | . . . . . . . . . . . . . . . . . . . . . . . 3 1 . 1 . 2 1 . . Repair 4 | . . . . . . . . . . . . . . . . . . . . . . . 2 . . 1 . 1 . . . Recycling Unit Hacks 2 | . . . . . . . . . . . . . . . . . . 1 . . . . . . . . 1 . . . . Retrieve Components 2 | . . . . . . . . . . . . . . . . . . 1 . . . . . . . . 1 . . . . Scanalyzer 1 | . . . . . . . . . . . . . . . . . . . . . . . . . . . . 1 . . . Insert Component 1 | . . . . . . . . . . . . . . . . . . . . . . . . . . . . 1 . . . Garrison Access Hacks 11 | . . . . . . . 1 . 1 . . . 1 . 1 . . . . . 2 . 1 . . 2 . 1 . 1 . Unlock Access 6 | . . . . . . . 1 . 1 . . . 1 . 1 . . . . . 1 . . . . 1 . . . . . Seal Access 5 | . . . . . . . . . . . . . . . . . . . . . 1 . 1 . . 1 . 1 . 1 . Unauthorized Hacks 39 | . 8 . 8 . . . 6 . 1 . . . . . . . . . . . 1 . 1 3 2 4 1 1 . 3 . Terminals 33 | . 7 . 7 . . . 6 . 1 . . . . . . . . . . . 1 . 1 3 2 3 1 . . 1 . Track 3 | . . . . . . . . . . . . . . . . . . . . . . . . 1 1 1 . . . . . Assimilate 2 | . . . . . . . 1 . . . . . . . . . . . . . . . . . . . . . . 1 . Botnet 11 | . 2 . 2 . . . . . 1 . . . . . . . . . . . 1 . 1 1 1 1 1 . . . . Operators 2 | . . . . . . . . . . . . . . . . . . . . . . . . 1 . 1 . . . . . Skim 15 | . 5 . 5 . . . 5 . . . . . . . . . . . . . . . . . . . . . . . . Fabricators . | . . . . . . . . . . . . . . . . . . . . . . . . . . . . . . . . Repair Stations 2 | . . . . . . . . . . . . . . . . . . . . . . . . . . . . . . 2 . Patch 2 | . . . . . . . . . . . . . . . . . . . . . . . . . . . . . . 2 . Recycling Units 2 | . 1 . 1 . . . . . . . . . . . . . . . . . . . . . . . . . . . . Tunnel 2 | . 1 . 1 . . . . . . . . . . . . . . . . . . . . . . . . . . . . Scanalyzers 2 | . . . . . . . . . . . . . . . . . . . . . . . . . . 1 . 1 . . . Researchers 2 | . . . . . . . . . . . . . . . . . . . . . . . . . . 1 . 1 . . . Garrison Access . | . . . . . . . . . . . . . . . . . . . . . . . . . . . . . . . . Data Cores Recovered 1 | . . . . . . . 1 . . . . . . . . . . . . . . . . . . . . . . . . Used . | . . . . . . . . . . . . . . . . . . . . . . . . . . . . . . . . Hacking Detections 87 | . 5 . 5 . . . 7 3 3 1 1 . 1 3 3 2 . 4 . . 4 2 14 2 1 3 3 8 5 5 2 Full Trace Events 8 | . 1 . . . . . . 1 1 . . . . 2 . 1 . . . . . . 1 . . . 1 . . . . Feedback Events 1 | . . . . . . . . . . . . . . . . 1 . . . . . . . . . . . . . . . Corruption 1 | . . . . . . . . . . . . . . . . 1 . . . . . . . . . . . . . . . Feedback Blocked . | . . . . . . . . . . . . . . . . . . . . . . . . . . . . . . . . Robot Schematics Acquired 1 | . . . . . . . . . . . . . . . . . . . . . . . . . . 1 . . . . . Robots Built . | . . . . . . . . . . . . . . . . . . . . . . . . . . . . . . . . Authchips . | . . . . . . . . . . . . . . . . . . . . . . . . . . . . . . . . Time . | . . . . . . . . . . . . . . . . . . . . . . . . . . . . . . . . Total Robot Build Rating . | . . . . . . . . . . . . . . . . . . . . . . . . . . . . . . . . Part Schematics Acquired 7 | . . . . . . . . . . . . . . . . . . . . . . . 1 . . 6 . . . . . Parts Built 1 | . . . . . . . . . . . . . . . . . . . . . . . 1 . . . . . . . . Authchips . | . . . . . . . . . . . . . . . . . . . . . . . . . . . . . . . . Time 25 | . . . . . . . . . . . . . . . . . . . . . . . 25 . . . . . . . . Total Part Build Rating 1 | . . . . . . . . . . . . . . . . . . . . . . . 1 . . . . . . . . Parts Repaired 4 | . . . . . . . . . . . . . . . . . . . . . . . 2 . . 1 . 1 . . . Time 248 | . . . . . . . . . . . . . . . . . . . . . . . 130 . . 44 . 74 . . . Parts Recycled . | . . . . . . . . . . . . . . . . . . . . . . . . . . . . . . . . Recycled Matter . | . . . . . . . . . . . . . . . . . . . . . . . . . . . . . . . . Retrieved Matter . | . . . . . . . . . . . . . . . . . . . . . . . . . . . . . . . . Retrieved Components 19 | . . . . . . . . . . . . . . . . . . 10 . . . . . . . . 9 . . . . Parts Scanalyzed . | . . . . . . . . . . . . . . . . . . . . . . . . . . . . . . . . Part Schematics Acquired . | . . . . . . . . . . . . . . . . . . . . . . . . . . . . . . . . Parts Damaged . | . . . . . . . . . . . . . . . . . . . . . . . . . . . . . . . . Bothacking | -11 -10 -10 -9 -9 -9 -8 -8 -8 -8 -8 -7 -7 -7 -7 -7 -7 -6 -6 -6 -6 -6 -6 -5 -4 -3 -3 -2 -2 -2 -1 -1 ------------ Run | Yrd Mat Min Mat Min Exi Min Mat Gar Mat Gar Fac Was Fac Gar Fac Gar Fac Ext Cet Arc Hub Gar Fac Fac Res Tes Res Qua Sec Acc Com Used RIF Installer 5 | . . . . . . . . 1 . 1 . . . 1 . 1 . . . . . 1 . . . . . . . . . Coupler Efficiency 1 | . . . . . . . . . . . . . . . . . . . . . . 1 . . . . . . . . . Command Fork 1 | . . . . . . . . . . . . . . 1 . . . . . . . . . . . . . . . . . Signal Jammer 1 | . . . . . . . . . . . . . . . . 1 . . . . . . . . . . . . . . . Patrol Navigation 1 | . . . . . . . . . . 1 . . . . . . . . . . . . . . . . . . . . . Robots Hacked 20 | . . . . . . . . . . . 1 4 . . 6 2 2 1 1 . . . 2 . . 1 . . . . . Non-combat 6 | . . . . . . . . . . . 1 . . . 2 . 2 . . . . . 1 . . . . . . . . Combat 14 | . . . . . . . . . . . . 4 . . 4 2 . 1 1 . . . 1 . . 1 . . . . . Robot Hacks Applied 25 | . . . . . . . . . . . 1 5 . . 8 2 3 1 1 . . . 3 . . 1 . . . . . parse_system 3 | . . . . . . . . . . . . . . . . . . 1 1 . . . . . . 1 . . . . . no_distress 1 | . . . . . . . . . . . . . . . . . 1 . . . . . . . . . . . . . . find_chute 1 | . . . . . . . . . . . 1 . . . . . . . . . . . . . . . . . . . . drop_inventory 1 | . . . . . . . . . . . . . . . . . 1 . . . . . . . . . . . . . . purge_threat 5 | . . . . . . . . . . . . . . . 3 . . . . . . . 2 . . . . . . . . ignore_targets 4 | . . . . . . . . . . . . 4 . . . . . . . . . . . . . . . . . . . find_garrison 1 | . . . . . . . . . . . . . . . 1 . . . . . . . . . . . . . . . . overload_power 1 | . . . . . . . . . . . . 1 . . . . . . . . . . . . . . . . . . . amplify_resonance 5 | . . . . . . . . . . . . . . . 3 1 . . . . . . 1 . . . . . . . . overwrite_iff 1 | . . . . . . . . . . . . . . . . 1 . . . . . . . . . . . . . . . formatsys_low 2 | . . . . . . . . . . . . . . . 1 . 1 . . . . . . . . . . . . . . Relay Couplers Released 37 | . . . . . . . . 8 . . . . . 10 5 3 . . . . 3 5 . 1 . . . 2 . . . Machine Destruction 33 | . . . . . . . . 8 . . . . . 10 1 3 . . . . 3 5 . 1 . . . 2 . . . Programmers 4 | . . . . . . . . . . . . . . . 4 . . . . . . . . . . . . . . . . Attached 8 | . . . . . . . . . . . . 1 . . 3 1 1 . . . . . 2 . . . . . . . . Fabnet Peak Effective % . | . . . . . . . . . . . . . . . . . . . . . . . . . . . . . . . . Robots Rewired 24 | . . . . . . . . . . . . . . 2 . . . 21 . . . . . . . 1 . . . . . Allies Hacked 4 | . . . . . . . . . . . . . . 2 1 . . . . . 1 . . . . . . . . . . Hacks Repelled . | . . . . . . . . . . . . . . . . . . . . . . . . . . . . . . . . Allies | -11 -10 -10 -9 -9 -9 -8 -8 -8 -8 -8 -7 -7 -7 -7 -7 -7 -6 -6 -6 -6 -6 -6 -5 -4 -3 -3 -2 -2 -2 -1 -1 -------- Run | Yrd Mat Min Mat Min Exi Min Mat Gar Mat Gar Fac Was Fac Gar Fac Gar Fac Ext Cet Arc Hub Gar Fac Fac Res Tes Res Qua Sec Acc Com Total Allies 77 | . . . . 5 . . . . . . . 19 . 2 9 1 1 33 5 . . . . . . 1 . . . 1 . Largest Group 29 | . . . . 5 5 3 2 . . . . 19 11 11 4 1 1 25 29 23 19 . . . . 1 . . . 1 . Highest-Rated Group 1283 | . . . . 83 83 40 24 . . . . 475 321 321 120 16 23 826 1283 999 810 . . . . 159 . . . 45 . Highest-Rated Ally 159 | . . . . 31 31 16 16 . . . . 35 31 31 31 16 23 159 143 96 96 . . . . 159 . . . 45 . Total Orders 46 | . . . . . . . . . . . . . . . 2 . 6 7 6 2 2 . 7 . . . . . . 14 . STAY 15 | . . . . . . . . . . . . . . . . . 1 3 3 1 1 . . . . . . . . 6 . FOLLOW 19 | . . . . . . . . . . . . . . . 1 . 1 4 3 1 1 . . . . . . . . 8 . AID 3 | . . . . . . . . . . . . . . . 1 . 2 . . . . . . . . . . . . . . EXPLORE 4 | . . . . . . . . . . . . . . . . . 1 . . . . . 3 . . . . . . . . RETURN 5 | . . . . . . . . . . . . . . . . . 1 . . . . . 4 . . . . . . . . Ally Attacks 628 | . . . . . . 5 20 . . . . 74 . 101 73 1 . 114 54 18 122 . . . . 46 . . . . . Total Damage 15264 | . . . . . . 45 123 . . . . 2613 . 1722 1054 16 . 2309 1288 410 3779 . . . . 1905 . . . . . Kills 92 | . . . . . . 2 . . . . . 11 . 12 5 . . 12 14 2 21 . . . . 13 . . . . . Allies Corrupted 5 | . . . . . . . . . . . . . . 2 . . . . . . 2 . . . . . . . . 1 . Allies Melted . | . . . . . . . . . . . . . . . . . . . . . . . . . . . . . . . . Intel | -11 -10 -10 -9 -9 -9 -8 -8 -8 -8 -8 -7 -7 -7 -7 -7 -7 -6 -6 -6 -6 -6 -6 -5 -4 -3 -3 -2 -2 -2 -1 -1 ------- Run | Yrd Mat Min Mat Min Exi Min Mat Gar Mat Gar Fac Was Fac Gar Fac Gar Fac Ext Cet Arc Hub Gar Fac Fac Res Tes Res Qua Sec Acc Com Active Infowar (turns) 15278 | . . . . . . . 969 . . . 603 . . 2 1647 80 461 944 . . 296 631 1388 382 757 2455 1572 976 765 768 582 Optics 158 | . . . . . . . . . . . . . . . . . . . . . . . . . 156 2 . . . . . Sensors 5406 | . . . . . . . . . . . . . . . . . . . . . . . . . 714 2455 1162 365 91 619 . Terrain 1995 | . . . . . . . . . . . . . . . . . . . . . . . 309 . . . 410 613 350 313 . Structural 2 | . . . . . . . . . . . . . . . . . . . . . . . . . . . 2 . . . . Seismic 3188 | . . . . . . . 969 . . . 562 . . . 1004 . 373 . . . . . 280 . . . . . . . . Cloaking 4 | . . . . . . . . . . . . . . . . . . . . . . . . . . . . . . . 4 Jamming 5917 | . . . . . . . . . . . 41 . . 2 668 80 102 944 . . 296 631 1079 382 650 . . . 324 140 578 Robot Analysis Total . | . . . . . . . . . . . . . . . . . . . . . . . . . . . . . . . . Derelict Logs Recovered 5 | . . 3 . 2 . . . . . . . . . . . . . . . . . . . . . . . . . . . Drone Launches 5 | . . . . . . . . . . . . . . . . . 2 . . . . . 3 . . . . . . . . Drone Recoveries 5 | . . . . . . . . . . . . . . . . . 2 . . . . . 3 . . . . . . . . Exploration | -11 -10 -10 -9 -9 -9 -8 -8 -8 -8 -8 -7 -7 -7 -7 -7 -7 -6 -6 -6 -6 -6 -6 -5 -4 -3 -3 -2 -2 -2 -1 -1 ------------- Run | Yrd Mat Min Mat Min Exi Min Mat Gar Mat Gar Fac Was Fac Gar Fac Gar Fac Ext Cet Arc Hub Gar Fac Fac Res Tes Res Qua Sec Acc Com Turns Passed 39145 | 66 1132 611 1455 1597 368 1212 1718 1642 606 862 1098 479 136 1381 1965 775 655 2249 1002 1329 569 636 3305 480 757 2455 2030 1730 2140 1095 1610 Spaces Moved 15689 | 38 591 298 525 636 154 499 510 598 232 295 402 190 67 618 811 230 233 904 346 57 231 305 1423 229 374 1010 682 733 958 620 890 Core 86 | 3 . . . . . . . . . . . . . . . 1 . . . . . . 82 . . . . . . . . Treads 13076 | 29 80 . 379 636 154 499 510 598 232 295 402 190 67 618 811 180 17 274 346 57 231 305 1341 229 374 1010 682 733 768 478 551 Legs . | . . . . . . . . . . . . . . . . . . . . . . . . . . . . . . . . Wheels 1850 | 6 511 298 146 . . . . . . . . . . . . 49 210 630 . . . . . . . . . . . . . Hover 6 | . . . . . . . . . . . . . . . . . 6 . . . . . . . . . . . . . . Flight . | . . . . . . . . . . . . . . . . . . . . . . . . . . . . . . . . Fastest Speed 50 | 50 130 135 130 240 240 240 240 235 235 230 232 150 150 150 150 155 155 125 160 160 160 160 50 160 160 166 160 155 152 155 151 Average Speed 189 | 138 135 169 213 240 240 240 240 237 235 234 233 189 150 199 179 253 234 181 202 160 163 160 156 189 161 174 191 158 160 155 175 Slowest Speed 1750 | 160 320 175 320 240 240 320 240 320 235 235 235 232 150 230 240 1750 1140 260 240 160 240 160 245 240 166 249 260 240 232 155 250 Overloaded Moves . | . . . . . . . . . . . . . . . . . . . . . . . . . . . . . . . . Propulsion Burnouts . | . . . . . . . . . . . . . . . . . . . . . . . . . . . . . . . . Robots Hopped . | . . . . . . . . . . . . . . . . . . . . . . . . . . . . . . . . Potential Cave-ins 20 | . . . . . . . . . . . . . . . 2 . . . . . . . 3 . . . 6 7 . 2 . Cave-ins Triggered 1 | . . . . . . . . . . . . . . . . . . . . . . . 1 . . . . . . . . Teleports 70 | . . . . . . . . . . . . . . . . . . . . . . . . . . . . . 3 27 40 Microwarps 64 | . . . . . . . . . . . . . . . . . . . . . . . . . . . . . 20 19 25 Exploration Rate (%) 49 | 4 95 68 53 90 55 99 61 66 30 44 16 83 3 63 34 43 14 83 68 67 36 51 43 7 16 88 24 70 56 19 23 Regions Visited 31 Branch Regions 12 Pre-discovered Areas 9 | . 1 1 3 2 1 . 1 . . . . . . . . . . . . . . . . . . . . . . . . Known Exits Taken 11 | . . . 1 . . 1 1 . 1 . . . 1 . 1 . 1 . . . 1 . . . 1 1 1 . . . . Unknown Exits Taken 13 | 1 1 1 . 1 1 . . . . . . . . . . . . 1 1 1 . . 1 1 . . . 1 1 1 . Scrap Searched 4 | . . . . 2 . 2 . . . . . . . . . . . . . . . . . . . . . . . . . Spaces Dug 224 | . 6 . 3 . . . 12 . 5 . 3 . . 1 14 7 1 1 . . 2 . 29 5 2 20 34 31 10 30 8 Terrain Destroyed 889 | . 6 . 3 . . . 13 8 8 15 16 2 . 10 102 42 2 5 17 5 18 3 127 14 6 38 141 90 82 46 70 Melee 17 | . . . 3 . . . 9 . . . . . . 1 4 . . . . . . . . . . . . . . . . Projectile 574 | . 6 . . . . . 4 3 8 . 7 2 . 1 26 4 1 1 16 5 18 3 94 14 6 33 76 69 82 46 49 AOE 289 | . . . . . . . . 5 . 15 9 . . 8 72 38 . . . . . . 33 . . 5 62 21 . . 21 Terrain Rammed . | . . . . . . . . . . . . . . . . . . . . . . . . . . . . . . . . Walls Destroyed . | . . . . . . . . . . . . . . . . . . . . . . . . . . . . . . . . Machines Disabled . | . . . . . . . . . . . . . . . . . . . . . . . . . . . . . . . . Actions | -11 -10 -10 -9 -9 -9 -8 -8 -8 -8 -8 -7 -7 -7 -7 -7 -7 -6 -6 -6 -6 -6 -6 -5 -4 -3 -3 -2 -2 -2 -1 -1 --------- Run | Yrd Mat Min Mat Min Exi Min Mat Gar Mat Gar Fac Was Fac Gar Fac Gar Fac Ext Cet Arc Hub Gar Fac Fac Res Tes Res Qua Sec Acc Com Total 22339 | 48 763 346 689 668 153 509 894 728 263 387 491 261 102 727 1121 345 309 1291 574 1273 319 371 2214 259 497 1460 1076 1108 1387 735 971 Wait 3249 | . 58 9 24 2 . . 223 28 . 2 3 23 25 32 52 30 14 134 143 1200 13 10 406 . 34 149 112 141 231 85 66 Move 15054 | 37 590 297 524 635 153 498 510 597 232 294 402 189 67 617 811 229 232 903 345 56 230 304 1421 228 373 1009 681 732 787 496 575 Hop . | . . . . . . . . . . . . . . . . . . . . . . . . . . . . . . . . Pick Up 407 | 4 14 2 22 4 . 3 24 5 2 4 6 2 2 7 31 5 11 18 10 2 1 5 59 11 16 18 14 19 30 20 36 Fast Attach 257 | 6 4 . 4 . . . 4 3 2 5 6 1 2 3 8 3 7 12 7 2 2 1 42 1 10 40 13 14 27 9 19 Attach 210 | . 3 3 10 2 . 3 1 4 . 5 5 1 . 1 15 8 3 7 . . 5 7 18 2 9 8 8 10 28 9 35 Detach 132 | . 2 . 4 . . . . . . 2 . 1 1 1 3 2 2 6 2 1 10 1 17 . 8 7 3 7 14 5 33 Swap 532 | 1 7 2 5 . . 1 26 14 2 13 13 9 . 7 36 12 14 20 10 . 9 7 41 2 8 47 53 34 67 28 44 Drop 480 | . 3 1 7 2 . 1 39 8 5 9 12 5 3 9 30 5 10 31 23 3 1 1 37 . 17 55 24 29 41 21 48 Fire 1840 | . 81 32 84 19 . 3 54 53 20 46 44 30 . 29 126 49 16 118 26 9 41 34 169 14 20 115 168 121 145 59 115 Melee 35 | . . . 3 . . . 11 . . . . . . 2 5 . . . . . . . . . . . . 1 13 . . Ram 1 | . 1 . . . . . . . . . . . . . . . . . . . . . . . . . . . . . . Kick . | . . . . . . . . . . . . . . . . . . . . . . . . . . . . . . . . Crush 34 | . . . 2 4 . . 2 . . 1 . . 2 . . . . 1 . . 4 . 3 1 2 5 . . 4 3 . Escape Stasis 38 | . . . . . . . . 16 . 6 . . . 2 4 2 . 6 . . . 1 1 . . . . . . . . Rewire 43 | . . . . . . . . . . . . . . 17 . . . 19 . . . . . . . 7 . . . . . Trap . | . . . . . . . . . . . . . . . . . . . . . . . . . . . . . . . . Miscellaneous 27 | . . . . . . . . . . . . . . . . . . 16 8 . 3 . . . . . . . . . . Route ------- -11/Scrapyard -10/Materials (discovered 5 exits: *Mat x3 / [*Min x2]) -10/Mines -9/Materials (discovered 4 exits: *Mat x3 / *Min) -9/Mines (discovered 3 exits: *Mat x2 / *Exi) -9/Exiles -8/Mines -8/Materials (discovered 3 exits: *Fac x2 / Gar) -8/Garrison (discovered 3 exits: *Mat x3) -8/Materials (discovered 2 exits: *Fac / Gar) -8/Garrison (discovered 3 exits: *Fac x3) -7/Factory -7/Waste -7/Factory -7/Garrison (discovered 3 exits: *Fac x3) -7/Factory (discovered 5 exits: *Fac x2 / [*Sto] / [*Low] / Gar) -7/Garrison (discovered 3 exits: *Fac x3) -6/Factory (discovered 2 exits: [*Low] / *Ext) -6/Extension (discovered 3 exits: *Fac x2 / *Cet) -6/Cetus (discovered 2 exits: *Fac / [*Arc]) -6/Archives -6/Hub_04(d) (discovered 2 exits: *Fac / Gar) -6/Garrison (discovered 3 exits: *Fac x3) -5/Factory (discovered 5 exits: *Fac x4 / [*Upp]) -4/Factory -3/Research (discovered 3 exits: Arm / *Tes x2) -3/Testing -2/Research (discovered 2 exits: *Qua x2) -2/Quarantine (discovered 3 exits: Acc / *Sec / [*Frg]) -2/Section 7 -1/Access -1/Command (discovered 2 exits: *Sur x2) To Epsilon Eridani History --------- Turn | Location | Event 44 | -11/Scrapyard | Discovered new exit (range 15) 67 | -11/Scrapyard | Entered Materials 310 | -10/Materials | Build established: Mutant 441 | -10/Materials | Discovered new exit (range 4) 664 | -10/Materials | Discovered new exit (range 15) 667 | -10/Materials | Derelicts attacked the area 748 | -10/Materials | Core integrity fell below 50% 804 | -10/Materials | Discovered new exit (range 8) 915 | -10/Materials | Discovered new exit (range 16) 1004 | -10/Materials | Discovered new exit (range 16) 1199 | -10/Materials | Entered Mines 1221 | -10/Mines | Learned Materials garrison access intel 1229 | -10/Mines | A weapon hastily lodged in a ceiling crevice suddenly fell to the ground 1280 | -10/Mines | Core integrity fell below 20% 1404 | -10/Mines | Learned Materials emergency access door positions 1759 | -10/Mines | Discovered new exit (range 9) 1790 | -10/Mines | Learned location of Zion (-6) 1810 | -10/Mines | Entered Materials 1810 | -9/Materials | Evolved 2 slots: Propulsion x1, Weapon x1 1958 | -9/Materials | Destroyed 10 combat bots 2430 | -9/Materials | Discovered new exit (range 13) 2627 | -9/Materials | Build established: Scavenger-Gunner 2878 | -9/Materials | Identified exit to Materials 2899 | -9/Materials | Identified exit to Mines 2936 | -9/Materials | Learned Materials emergency access door positions 2986 | -9/Materials | Learned Materials emergency access door positions 3055 | -9/Materials | Learned location of 1 exit from Recycling 3136 | -9/Materials | Learned location of Storage (-7) 3176 | -9/Materials | Learned location of Recycling (-7) 3265 | -9/Materials | Entered Mines 3286 | -9/Mines | Build established: Mutant 3393 | -9/Mines | Assembled infested the area 3398 | -9/Mines | Assisted by a Guerilla fighting off Assembled 3614 | -9/Mines | Build established: Tank 3788 | -9/Mines | Deemed a non-threat by the Exiles lab entrance 3790 | -9/Mines | Discovered new exit (range 5) 4066 | -9/Mines | Assisted by bots powering up and referring to "LRC-V3" 4534 | -9/Mines | Learned 8 Materials zone layouts 4862 | -9/Mines | Entered Exiles 4862 | -9/Exiles | Accompanied by 5 allies 4892 | -9/Exiles | Led the pair of lost Derelicts to a safe place 4922 | -9/Exiles | Met 8R-AWN 4963 | -9/Exiles | Met EX-HEX 5052 | -9/Exiles | Met EX-DEC 5203 | -9/Exiles | Discovered new exit (range 12) 5230 | -9/Exiles | Entered Mines 5230 | -8/Mines | Accompanied by 3 allies 5828 | -8/Mines | Discovered exit to Materials (range 12) 5988 | -8/Mines | Lost 3 parts (3n) 6442 | -8/Mines | Entered Materials 6442 | -8/Materials | Accompanied by 2 allies 6442 | -8/Materials | Evolved 2 slots: Utility x2 6445 | -8/Materials | Loaded intel: 1 garrison access location 7457 | -8/Materials | Discovered new exit (range 14) 7787 | -8/Materials | Discovered new exit (range 7) 7820 | -8/Materials | Learned Factory stockpile data 7876 | -8/Materials | Learned Factory scanalyzer intel 7921 | -8/Materials | Learned location of 1 exit from Storage 7955 | -8/Materials | Learned location of 1 exit from Storage 7980 | -8/Materials | Learned location of 1 exit from Storage 7995 | -8/Materials | Learned location of 1 exit from Extension 7999 | -8/Materials | Learned Factory fabricator intel 8015 | -8/Materials | Learned location of 1 exit from Storage 8039 | -8/Materials | Learned location of 1 exit from Extension 8074 | -8/Materials | Learned Storage stockpile data 8118 | -8/Materials | Learned location of Lower Caves (-6) 8160 | -8/Materials | Identified exit to Garrison 8160 | -8/Materials | Entered Garrison 8310 | -8/Garrison | Triggered checkpoint 8457 | -8/Garrison | Triggered checkpoint 8492 | -8/Garrison | Triggered checkpoint 8569 | -8/Garrison | Triggered checkpoint 8718 | -8/Garrison | Triggered checkpoint 8773 | -8/Garrison | Discovered new exit (range 10) 8837 | -8/Garrison | Build established: Scavenger-Tank 9018 | -8/Garrison | Discovered new exit (range 8) 9038 | -8/Garrison | Triggered checkpoint 9248 | -8/Garrison | Triggered checkpoint 9345 | -8/Garrison | Discovered new exit (range 13) 9386 | -8/Garrison | Triggered checkpoint 9435 | -8/Garrison | Installed Relay Interface Framework 9466 | -8/Garrison | Garrison Relay disabled 9741 | -8/Garrison | Garrison Relay disabled 9802 | -8/Garrison | Entered Materials 10017 | -8/Materials | Discovered new exit (range 15) 10408 | -8/Materials | Identified exit to Garrison 10408 | -8/Materials | Entered Garrison 10456 | -8/Garrison | Triggered checkpoint 10514 | -8/Garrison | Discovered new exit (range 70) 10514 | -8/Garrison | Discovered new exit (range 69) 10514 | -8/Garrison | Discovered new exit (range 107) 10642 | -8/Garrison | Triggered checkpoint 10875 | -8/Garrison | Destroyed 8 combat bots 11016 | -8/Garrison | Build established: Scavenger-Gunner 11076 | -8/Garrison | Triggered checkpoint 11162 | -8/Garrison | Expanded RIF knowledge: Patrol Navigation 11270 | -8/Garrison | Entered Factory 11270 | -7/Factory | Evolved 2 slots: Propulsion x1, Utility x1 11272 | -7/Factory | Loaded intel: 6 fabricator locations 11273 | -7/Factory | Loaded intel: 4 scanalyzer locations 11611 | -7/Factory | Build established: Scavenger-Tank 12278 | -7/Factory | Lost 3 parts (2n1w) 12368 | -7/Factory | Sucked down chute 12368 | -7/Factory | Entered Waste 12422 | -7/Waste | Spotted C-40 Crusher 12429 | -7/Waste | Spotted C-40 Crusher 12446 | -7/Waste | Spotted C-40 Crusher 12515 | -7/Waste | Spotted C-40 Crusher 12535 | -7/Waste | Warlord forces began an assault 12549 | -7/Waste | Spotted C-40 Crusher 12552 | -7/Waste | Spotted C-40 Crusher 12558 | -7/Waste | Allies destroyed C-40 Crusher 12558 | -7/Waste | Allies destroyed C-40 Crusher 12565 | -7/Waste | Allies destroyed C-40 Crusher 12567 | -7/Waste | Allies destroyed C-40 Crusher 12594 | -7/Waste | Lost 6 allies 12653 | -7/Waste | Allies destroyed C-40 Crusher 12676 | -7/Waste | Found Damper Plating 12696 | -7/Waste | Discovered new exit (range 12) 12847 | -7/Waste | Entered Factory 12847 | -7/Factory | Accompanied by 11 allies 12976 | -7/Factory | Identified exit to Garrison 12980 | -7/Factory | Build established: Tank 12983 | -7/Factory | Entered Garrison 12983 | -7/Garrison | Accompanied by 11 allies 13027 | -7/Garrison | Triggered checkpoint 13045 | -7/Garrison | Garrison Relay disabled 13108 | -7/Garrison | P-60 Hacker assimilated allied FI-A9N(m) 13121 | -7/Garrison | Triggered checkpoint 13129 | -7/Garrison | Triggered checkpoint 13409 | -7/Garrison | Discovered new exit (range 11) 13429 | -7/Garrison | Expanded RIF knowledge: Command Fork 13561 | -7/Garrison | Triggered checkpoint 13640 | -7/Garrison | Learned Factory security intel 13704 | -7/Garrison | Discovered new exit (range 5) 13755 | -7/Garrison | Triggered checkpoint 13755 | -7/Garrison | Discovered new exit (range 31) 13755 | -7/Garrison | Discovered new exit (range 65) 13755 | -7/Garrison | Discovered new exit (range 23) 13793 | -7/Garrison | Garrison Relay disabled 13838 | -7/Garrison | Lost 3 allies 14364 | -7/Garrison | Entered Factory 14364 | -7/Factory | Accompanied by 4 allies 14762 | -7/Factory | Discovered new exit (range 9) 14945 | -7/Factory | Discovered new exit (range 6) 15263 | -7/Factory | Discovered new exit (range 4) 15463 | -7/Factory | Cargo convoy interrupted 15574 | -7/Factory | Lost 11 parts (4n4u3w) 15589 | -7/Factory | Garrison activated, responded to threat 15674 | -7/Factory | Lost 5 allies 15745 | -7/Factory | Lost 3 allies 15777 | -7/Factory | Discovered new exit (range 11) 15811 | -7/Factory | Build established: Gunner 16329 | -7/Factory | Identified exit to Garrison 16329 | -7/Factory | Entered Garrison 16367 | -7/Garrison | Expanded RIF knowledge: Signal Jamming 16475 | -7/Garrison | Triggered checkpoint 16549 | -7/Garrison | Triggered checkpoint 16672 | -7/Garrison | Garrison Relay disabled 16722 | -7/Garrison | Build established: Scavenger-Gunner 16747 | -7/Garrison | Triggered checkpoint 16777 | -7/Garrison | Triggered checkpoint 16797 | -7/Garrison | Core integrity fell below 50% 16823 | -7/Garrison | Lost 3 parts (2n1w) 16890 | -7/Garrison | Discovered new exit (range 59) 16890 | -7/Garrison | Discovered new exit (range 26) 16890 | -7/Garrison | Discovered new exit (range 32) 16974 | -7/Garrison | Lost 4 parts (1p2n1u) 17063 | -7/Garrison | Heavy support dispatched to Factory 17104 | -7/Garrison | Entered Factory 17104 | -6/Factory | Evolved 2 slots: Utility x1, Weapon x1 17612 | -6/Factory | Discovered new exit (range 28) 17642 | -6/Factory | Found Prototype Launcher 17642 | -6/Factory | Identified Scatter Rocket Array 17661 | -6/Factory | Discovered new exit (range 38) 17735 | -6/Factory | Identified exit to Extension 17759 | -6/Factory | Entered Extension 17759 | -6/Extension | Accompanied by 1 ally 17760 | -6/Extension | Identified exit to Factory 17834 | -6/Extension | Disrupted transfer network 18519 | -6/Extension | Rescued a captive Derelict 18638 | -6/Extension | Rescued a captive Derelict 18639 | -6/Extension | Rescued a captive Derelict 18795 | -6/Extension | Rescued A7 18813 | -6/Extension | Rescued a captive Derelict 18814 | -6/Extension | Rescued a captive Derelict 18860 | -6/Extension | Build established: Commander-Gunner 19068 | -6/Extension | Spotted B-75 Beast 19086 | -6/Extension | Allies destroyed B-75 Beast 19091 | -6/Extension | Spotted B-75 Beast 19105 | -6/Extension | Allies destroyed B-75 Beast 19276 | -6/Extension | Rescued a captive Derelict 19277 | -6/Extension | Rescued a captive Derelict 19322 | -6/Extension | Rescued a captive Derelict 19571 | -6/Extension | Rescued a captive Derelict 19575 | -6/Extension | Rescued a captive Derelict 19600 | -6/Extension | Rescued a captive Derelict 19879 | -6/Extension | Discovered new exit (range 6) 20008 | -6/Extension | Entered Cetus 20008 | -6/Cetus | Accompanied by 25 allies (A7) 20013 | -6/Cetus | Acquired a Cetus Manufacturing Module code from A7 20037 | -6/Cetus | Spotted Cetus Guard 20038 | -6/Cetus | Spotted Cetus Guard 20040 | -6/Cetus | Destroyed Cetus Guard 20041 | -6/Cetus | Spotted Cetus Guard 20043 | -6/Cetus | Destroyed Cetus Guard 20045 | -6/Cetus | Spotted Cetus Guard 20047 | -6/Cetus | Allies destroyed Cetus Guard 20053 | -6/Cetus | Allies destroyed Cetus Guard 20377 | -6/Cetus | Started Cetus Manufacturing Module 20387 | -6/Cetus | Build established: Commander-Tank 20402 | -6/Cetus | Manufactured an Enhanced Grunt 20418 | -6/Cetus | Escorted A7 to Cetus Mainframe 20427 | -6/Cetus | Manufactured an Enhanced Grunt 20452 | -6/Cetus | Manufactured an Enhanced Grunt 20452 | -6/Cetus | Discovered new exit (range 16) 20477 | -6/Cetus | Manufactured an Enhanced Grunt 20496 | -6/Cetus | Spotted Cetus Guard 20497 | -6/Cetus | Spotted Cetus Guard 20500 | -6/Cetus | Allies destroyed Cetus Guard 20501 | -6/Cetus | Destroyed Cetus Guard 20502 | -6/Cetus | Manufactured an Enhanced Grunt 20502 | -6/Cetus | Spotted Cetus Guard 20505 | -6/Cetus | Destroyed Cetus Guard 20526 | -6/Cetus | Discovered exit to Factory (range 15) 20538 | -6/Cetus | Met Revision 17 20758 | -6/Cetus | Security sweep announced 20759 | -6/Cetus | Murdered A7 20762 | -6/Cetus | Extracted ID and sensor layout for unrecognized location from A7's data core 20771 | -6/Cetus | Found Med. Regenerative Plating 20799 | -6/Cetus | Lost 3 allies 21010 | -6/Cetus | Entered Archives 21010 | -6/Archives | Accompanied by 23 allies 21075 | -6/Archives | Lost 3 allies 21127 | -6/Archives | Discovered new exit (range 16) 22339 | -6/Archives | Entered Hub_04(d) 22339 | -6/Hub_04(d) | Accompanied by 19 allies 22357 | -6/Hub_04(d) | Identified exit to Garrison 22477 | -6/Hub_04(d) | Lost 5 allies 22487 | -6/Hub_04(d) | Discovered exit to Factory (range 13) 22689 | -6/Hub_04(d) | First assault squad dispatched 22696 | -6/Hub_04(d) | Garrison activated, responded to threat 22735 | -6/Hub_04(d) | Network Hub disabled 22770 | -6/Hub_04(d) | Spotted Lightning 22791 | -6/Hub_04(d) | Spotted Lightning 22801 | -6/Hub_04(d) | Spotted Lightning 22802 | -6/Hub_04(d) | Lost 9 allies 22859 | -6/Hub_04(d) | Destroyed Lightning 22870 | -6/Hub_04(d) | Found Prototype Device 22870 | -6/Hub_04(d) | Identified Exp. EM Shield 22908 | -6/Hub_04(d) | Entered Garrison 22947 | -6/Garrison | Discovered exit to Factory (range 62) 22947 | -6/Garrison | Discovered exit to Factory (range 64) 22947 | -6/Garrison | Discovered exit to Factory (range 44) 23028 | -6/Garrison | Triggered checkpoint 23034 | -6/Garrison | Triggered checkpoint 23068 | -6/Garrison | Triggered checkpoint 23097 | -6/Garrison | Triggered checkpoint 23211 | -6/Garrison | Build established: Scavenger-Tank 23393 | -6/Garrison | Expanded RIF knowledge: Coupler Efficiency 23418 | -6/Garrison | Triggered checkpoint 23451 | -6/Garrison | Garrison Relay disabled 23544 | -6/Garrison | Entered Factory 23544 | -5/Factory | Evolved 2 slots: Propulsion x1, Utility x1 23829 | -5/Factory | Lost 3 parts (3w) 23867 | -5/Factory | Discovered new exit (range 12) 23916 | -5/Factory | Discovered new exit (range 12) 24206 | -5/Factory | Build established: Bothacker-Tank 24572 | -5/Factory | Build established: Scavenger-Tank 24629 | -5/Factory | Released all parts (9) 24659 | -5/Factory | Lost 6 parts (1p1n4u) 24697 | -5/Factory | Crushed by falling debris 24718 | -5/Factory | Discovered new exit (range 5) 24931 | -5/Factory | Build established: Mutant 24938 | -5/Factory | Repaired Centrium Heavy Treads 25039 | -5/Factory | Discovered new exit (range 6) 25367 | -5/Factory | Found Powered Armor 25667 | -5/Factory | Build established: Scavenger-Tank 26179 | -5/Factory | Repaired Powered Armor 26260 | -5/Factory | Core integrity fell below 50% 26605 | -5/Factory | System corruption reached 10% 26708 | -5/Factory | Fabricated Huge Storage Unit (x1) 26795 | -5/Factory | Discovered new exit (range 4) 26849 | -5/Factory | Entered another Factory area 26849 | -4/Factory | Evolved 2 slots: Power x1, Utility x1 26883 | -4/Factory | Found Quantum Capacitor 27227 | -4/Factory | Discovered new exit (range 13) 27256 | -4/Factory | Spotted B-86 Titan 27329 | -4/Factory | Entered Research 27329 | -3/Research | Evolved 2 slots: Propulsion x1, Utility x1 27529 | -3/Research | Revision forces began assault on 0b10 27625 | -3/Research | Met up with Revision 17++ 27656 | -3/Research | Identified exit to Armory 27656 | -3/Research | Identified exit to Testing 27980 | -3/Research | Found Prototype Processor 27980 | -3/Research | Identified Exp. Terrain Scan Processor 27990 | -3/Research | Found Exp. Terrain Scan Processor 28029 | -3/Research | Research terminal network offline 28086 | -3/Research | Entered Testing 28114 | -3/Testing | Rewired PY-0L51ITXSXU 28308 | -3/Testing | Spotted PP-Z51WA8BYAT 28315 | -3/Testing | Destroyed PP-Z51WA8BYAT 28344 | -3/Testing | Found Prototype Special Weapon 28344 | -3/Testing | Identified Gui. Remote Datajack 28349 | -3/Testing | Found Prototype Reactor 28349 | -3/Testing | Identified Zero-point Reactor 28446 | -3/Testing | Repaired Imp. KE Penetrator 28778 | -3/Testing | Found Gamma Bomb Array 28787 | -3/Testing | Found Prototype Protection 28967 | -3/Testing | Found Prototype Ballistic Cannon 28967 | -3/Testing | Identified Omega Cannon 29137 | -3/Testing | Found Prototype Launcher 29137 | -3/Testing | Identified Z-bomb Delivery System 29431 | -3/Testing | Found Prototype Device 29431 | -3/Testing | Identified Exp. Focal Shield 29900 | -3/Testing | Found Prototype Energy Cannon 29900 | -3/Testing | Identified Hpw. Disruptor Cannon 30040 | -3/Testing | Garrison activated, responded to threat 30170 | -3/Testing | Discovered new exit (range 4) 30189 | -3/Testing | Identified exit to Research 30205 | -3/Testing | Identified exit to Garrison 30330 | -3/Testing | Found Prototype Device 30330 | -3/Testing | Identified AEGIS Remote Shield 30336 | -3/Testing | First assault squad dispatched 30444 | -3/Testing | Found Prototype Energy Cannon 30444 | -3/Testing | Identified Potential Cannon 30448 | -3/Testing | Found Prototype Energy Cannon 30448 | -3/Testing | Identified Imp. Potential Cannon 30541 | -3/Testing | Entered Research 30541 | -2/Research | Evolved 2 slots: Power x1, Utility x1 31326 | -2/Research | Spotted B-90 Cyclops 31376 | -2/Research | Destroyed B-90 Cyclops 31539 | -2/Research | Spotted B-90 Cyclops 31573 | -2/Research | Garrison activated, responded to threat 31791 | -2/Research | First assault squad dispatched 31830 | -2/Research | Destroyed 7 combat bots 32178 | -2/Research | Identified Centrium Heavy Armor Plating 32465 | -2/Research | Destroyed 15 combat bots 32480 | -2/Research | Identified exit to Quarantine 32571 | -2/Research | Entered Quarantine 32600 | -2/Quarantine | Found Alien Impact Weapon 32710 | -2/Quarantine | Repaired Quantum Reactor 32821 | -2/Quarantine | First assault squad dispatched 32959 | -2/Quarantine | Destroyed 7 combat bots 33372 | -2/Quarantine | Destroyed 13 combat bots 33418 | -2/Quarantine | Discovered new exit (range 14) 33756 | -2/Quarantine | Found Alien Artifact 33878 | -2/Quarantine | Found Alien Artifact 33923 | -2/Quarantine | Identified Core Reset Matrix 33962 | -2/Quarantine | Identified Core Stripper 34043 | -2/Quarantine | System corruption reached 10% 34103 | -2/Quarantine | Spotted Fortress 34111 | -2/Quarantine | Destroyed Fortress 34136 | -2/Quarantine | Found Centrium Heavy Armor Plating 34143 | -2/Quarantine | Found Prototype Reactor 34143 | -2/Quarantine | Identified Vortex Chain Reactor 34155 | -2/Quarantine | Found Vortex Chain Reactor 34174 | -2/Quarantine | Found Prototype Device 34174 | -2/Quarantine | Identified Exp. Force Field 34295 | -2/Quarantine | Discovered new exit (range 5) 34295 | -2/Quarantine | Discovered new exit (range 6) 34301 | -2/Quarantine | Entered Section 7 34551 | -2/Section 7 | First assault squad dispatched 34630 | -2/Section 7 | Build established: Tank 34633 | -2/Section 7 | Found Alien Artifact 35194 | -2/Section 7 | Identified Microwarp Drive 35240 | -2/Section 7 | Spotted B-99 Colossus 35281 | -2/Section 7 | Found Alien Artifact 35281 | -2/Section 7 | Identified Integrated Dissipator 35281 | -2/Section 7 | Installed Integrated Dissipator, increased core heat dissipation (+20) 35342 | -2/Section 7 | Found Alien Artifact 35342 | -2/Section 7 | Identified LRC Armor 35342 | -2/Section 7 | Installed LRC Armor, increased core integrity (+250) 35345 | -2/Section 7 | Found Alien Artifact 35345 | -2/Section 7 | Identified LRC Storage 35345 | -2/Section 7 | Installed LRC Storage, increased inventory capacity (+2) 35356 | -2/Section 7 | Found LRC Armor 35356 | -2/Section 7 | Installed LRC Armor, increased core integrity (+250) 35626 | -2/Section 7 | Found Alien Artifact 35626 | -2/Section 7 | Identified Integrated Reactor 35626 | -2/Section 7 | Installed Integrated Reactor, increased core energy generation (+10) 35707 | -2/Section 7 | Spotted Executioner 35707 | -2/Section 7 | Spotted Executioner 35746 | -2/Section 7 | Destroyed Executioner 35757 | -2/Section 7 | Destroyed Executioner 35761 | -2/Section 7 | Found Prototype Processor 35761 | -2/Section 7 | Identified Exp. Core Analyzer 35770 | -2/Section 7 | Found Prototype Device 35771 | -2/Section 7 | Identified Adv. Kinecellerator 35784 | -2/Section 7 | Found Exp. Core Analyzer 35833 | -2/Section 7 | Build established: Hauler-Mutant 36179 | -2/Section 7 | Core integrity fell below 50% 36246 | -2/Section 7 | Spotted S7 Guard 36292 | -2/Section 7 | Destroyed S7 Guard 36307 | -2/Section 7 | System corruption reached 30% 36316 | -2/Section 7 | Found Alien Artifact 36316 | -2/Section 7 | Identified Navigation Efficiency Matrix 36316 | -2/Section 7 | Installed Navigation Efficiency Matrix, process failed with unexpected side effects 36382 | -2/Section 7 | Spotted B-90 Cyclops 36435 | -2/Section 7 | Discovered new exit (range 9) 36441 | -2/Section 7 | Entered Access 36441 | -1/Access | Evolved 2 slots: Power x1, Utility x1 37011 | -1/Access | Build established: Generator-Tank 37378 | -1/Access | Discovered new exit (range 24) 37525 | -1/Access | Spotted B-99 Colossus 37525 | -1/Access | Spotted B-99 Colossus 37536 | -1/Access | Entered Command 37619 | -1/Command | Spotted B-99 Colossus 37935 | -1/Command | Spotted M Guard 37935 | -1/Command | Spotted M Guard 37935 | -1/Command | Spotted Combat Programmer 37935 | -1/Command | Spotted Combat Programmer 37962 | -1/Command | Destroyed Combat Programmer 37968 | -1/Command | Destroyed Combat Programmer 38178 | -1/Command | Destroyed M Guard 38189 | -1/Command | Destroyed M Guard 38189 | -1/Command | All MAIN.C guards destroyed 38207 | -1/Command | Found Corrupted Prototype Protection 38207 | -1/Command | Identified Hvy. Regenerative Plating 38208 | -1/Command | System corruption reached 10% 38211 | -1/Command | Found Corrupted AEGIS Remote Shield 38215 | -1/Command | Found Corrupted AEGIS Remote Shield 38301 | -1/Command | Found Corrupted Hvy. Regenerative Plating 38304 | -1/Command | Found Corrupted Prototype Reactor 38333 | -1/Command | Found Corrupted Prototype Reactor 38351 | -1/Command | Found Corrupted Prototype Energy Cannon 38473 | -1/Command | Met MAIN.C 38480 | -1/Command | 0b10 Conduit disabled 38512 | -1/Command | Destroyed MAIN.C Shell 38515 | -1/Command | MAIN.C activated Command garrisons 38515 | -1/Command | Surrendered to MAIN.C 38515 | -1/Command | Loaded intel: 65 machine locations 38515 | -1/Command | Loaded intel: 95 trap records 38515 | -1/Command | Identified exit to Surface 38515 | -1/Command | Discovered exit to Surface (range 32) 38515 | -1/Command | Discovered exit to Surface (range 85) 38518 | -1/Command | Identified Zero-point Reactor (x2) 38519 | -1/Command | System corruption reached 30% 38528 | -1/Command | Core integrity fell below 50% 38584 | -1/Command | Found Prototype Device 38584 | -1/Command | Identified Exp. System Purifier 38588 | -1/Command | Found Prototype Device 38588 | -1/Command | Identified Exp. Cloaking Device 38594 | -1/Command | Found Prototype Device 38594 | -1/Command | Identified Exp. Focal Shield 38601 | -1/Command | Found Prototype Device 38601 | -1/Command | Identified Femtoactuators 38609 | -1/Command | Found Zero-point Reactor 38613 | -1/Command | Found Zero-point Reactor 38753 | -1/Command | MAIN.C activated Command garrisons 38794 | -1/Command | Unknown forces attacked Command 38794 | -1/Command | Spotted EQ-006 38794 | -1/Command | Spotted EQ-005 38794 | -1/Command | Spotted EQ-001 38794 | -1/Command | Spotted EQ-003 38794 | -1/Command | Spotted EQ-002 38794 | -1/Command | Spotted EQ-000 38803 | -1/Command | Spotted EQ-012 38851 | -1/Command | Destroyed EQ-001 38853 | -1/Command | Destroyed EQ-006 38871 | -1/Command | Destroyed EQ-012 38893 | -1/Command | Spotted EQ-018 38893 | -1/Command | Spotted EQ-019 38893 | -1/Command | Spotted EQ-021 38893 | -1/Command | Spotted EQ-020 38895 | -1/Command | Destroyed EQ-020 38947 | -1/Command | Spotted EQ-011 38996 | -1/Command | Spotted EQ-038 38996 | -1/Command | Spotted EQ-039 39004 | -1/Command | Destroyed EQ-038 39011 | -1/Command | Spotted EQ-010 39015 | -1/Command | Destroyed EQ-039 39078 | -1/Command | Spotted EQ-031 39079 | -1/Command | Spotted EQ-055 39084 | -1/Command | Spotted EQ-007 39087 | -1/Command | Spotted EQ-009 39096 | -1/Command | Destroyed EQ-055 39101 | -1/Command | Spotted EQ-061 39101 | -1/Command | Spotted EQ-060 39101 | -1/Command | Spotted EQ-077 39102 | -1/Command | Spotted EQ-029 39110 | -1/Command | Destroyed EQ-031 39125 | -1/Command | Core integrity fell below 20% 39132 | -1/Command | Destroyed EQ-077 39142 | -1/Command | Spotted EQ-066 39146 | *** | Escaped! Last Messages --------------- 39128_ Exp. System Purifier purges 1% system corruption (0%). 39128_ Integrated Corrupted Hvy. Regenerative Plating (+5). 39129_ EQ-077 knocked back. 39131_ MAIN.C suffers critical hit (Blast). 39132_ Destroyed Adv. Dynamic Insulation System. 39132_ EQ-077 suffers critical hit (Meltdown). 39133_ EQ-061 heat short circuits Exp. Core Analyzer. 39134_ MAIN.C knocked back. 39136_ EQ-061 knocked back. 39137_ Slug penetrates MAIN.C. 39138_ MAIN.C: "Ha ha ha." 39138_ MAIN.C destroyed. 39139_ Discarded Exp. System Purifier. 39140_ Discarded Exp. Core Analyzer. 39141_ Microwarped (distance 9). 39141_ EQ-061 overheating. 39141_ Zero-point Reactor destroyed. 39142_ Navigation matrix triggers involuntary quantum shift. 39142_ Microwarped (distance 9). [Achievement: Victory By Combat] Map ----- +----------------------------------------------------+ | # [ #???????????# #????????#??????????? | | # #???????????# """"" #????????#?########## | | # #???????????# ""R"" #????????#?#""" % $ | | # #???????????# " " #????????#?# % % | | # #???????????# #????????#?# | | # #???????????# #????????#?# | | ########???????????# #????????#?# | | ???????????????????#####+#####????????#?#" | | ?????????????????????# ###########?#?# | | ?????????????????????# + #?#?# | | ?????????????????????# ## ###?# | | ?????????????????????# ## "##?# | | ?????????????????????## "" ## #?#?# % | | ???####################= %"" ## #?#?# | | ???# #%= "Y ## #?#?# | | ???# [!! # "" ## #?#?# | | ???# !!! # "" ###+# #### | | ???# !! # = | | ???# ; = [ | | ???# + = | | ???# ! # ################ | | ???# # #????????????#?# | | ???#################### #????????????#?# | | ??????????????????????# ###??????????#?########## | | ??????????????????????# #??????????#??????????? | | ??????????????????????# @ #??????????############ | | ??????????????????????# #?????????????????????? | | ??????????????????????######?????????????????????? | | ?????????????????????????????????????????????????? | | ?????????????????????????????????????????????????? | | ?????????????????????????????????????????????????? | | ?????????????????????????????????????????????????? | | ?????????????????????????????????????????????????? | | ?????????????????????????????????????????????????? | | ?????????????????????????????????????????????????? | | ?????????????????????????????????????????????????? | | ?????????????????????????????????????????????????? | | ?????????????????????????????????????????????????? | | ?????????????????????????????????????????????????? | | ?????????????????????????????????????????????????? | | ?????????????????????????????????????????????????? | | ?????????????????????????????????????????????????? | | ?????????????????????????????????????????????????? | | ?????????????????????????????????????????????????? | | ?????????????????????????????????????????????????? | | ?????????????????????????????????????????????????? | | ?????????????????????????????????????????????????? | | ?????????????????????????????????????????????????? | | ?????????????????????????????????????????????????? | | ?????????????????????????????????????????????????? | +----------------------------------------------------+ Best States ------------- Heat Dissipation 202 Energy Generation 119 Energy Capacity 1100 Matter Stores 300 Matter Capacity 300 Sight Range 23 Robot Scan Range 18 Terrain Scan Range 24 Terrain Scan Density 1010 Jamming Range 16 Cloak Strength 4 Power Amplification 40 Corruption Block 15 Armor Coverage 1650 Resistance: KI 30 Resistance: EX 50 Resistance: EM 90 Weapon Shielding 66 Point Defense Rating 240 Weapon Cycling 25 Phase Shifting 10 Evasion (%) 50 Targeting Accuracy 8 Target Analysis 6 Core Analysis 8 Armor Integrity Analysis 30 Recoil Reduction 6 Matter Filtering 30 Energy Filtering 65 Kinecelleration 50 Offensive Hacking 20 Relay Coupler Types 2 Relay Coupler Value 33 Item Schematics ----------------- Huge Storage Unit | -5/Factory | Hacked Hvy. Proton Cannon | -3/Testing | Archive Molecular Scythe | -3/Testing | Archive Exp. Coolant Injector | -3/Testing | Archive Exp. Power Amplifier | -3/Testing | Archive Adv. EM Shield | -3/Testing | Archive Tiamat Missile Launcher | -3/Testing | Archive Robot Schematics ------------------ S-43 Plague | -3/Testing | Archive Fabricated ------------ Huge Storage Unit | x1 | -5/Factory Repaired ---------- Centrium Heavy Treads | 19% | -5/Factory Powered Armor | 15% | -5/Factory Imp. KE Penetrator | 31% | -3/Testing Quantum Reactor | 38% | -2/Quarantine Alien Tech Used ----------------- Core Stripper Microwarp Drive Integrated Dissipator LRC Armor LRC Storage Integrated Reactor Navigation Efficiency Matrix Achievements -------------- Victory By Combat Challenges ------------ None Game ------ Seed ScatterSapperCompactor Manual? 0 Play Time 08:52:00 Cumulative 157.8 hours Start 2025.08.03 @ 21:54:15 End 2025.08.07 @ 02:16:51 Sessions 12 Manual Loads 0 Difficulty Rogue Special Mode None Game No. 78 Rogue 78 Adventurer 0 Explorer 0 Win Type 0 Total 14 Types 4/1/4/1/1/0/0/1/0/2 Lore% 68 Gallery% 67 Achievement% 64 Wizard Run 0 Options --------- Layout 0 ASCII 0 Keyboard 1 Movement Vi Keybinds 0 Fullscreen 2 Font 18/SmallcapsGlow Map View 76x50 Zoom Use 0% Tactical HUD 1 Map Filters NONE Filters NONE Steam 1 RUN: 0dc71cd5-2563-4178-87ee-c62dfef0a988